 Dungeon Crawl Stone Soup version 0.32-a0-558-g233958a4c4 (webtiles) character file.

Game seed: 999404270578292031

551427 Leszczynek the Cryomancer (level 26, -2/274 HPs)
             Began as an Oni Alchemist on Feb 25, 2024.
             Was the Champion of Vehumet.
             Killed from afar by an orb of fire (32 damage)
             ... with a bolt of fire
             ... while paralysed by a dread lich
             ... on level 5 of the Realm of Zot on Feb 29, 2024.
             The game lasted 07:54:43 (77327 turns).

Leszczynek the Cryomancer (Oni Alchemist)          Turns: 77327, Time: 07:54:43

Health: -2/274     AC:  9    Str: 18 (19) XL:     26   Next: 33%
Magic:  45/45      EV:  1    Int: 31      God:    Vehumet [******]
Gold:   2023       SH:  0    Dex: 11      Spells: 2/61 levels left

rFire   + . .        x - +9 giant club (spect)
rCold   + . .        (shield currently unavailable)
rNeg    . . .        Y - +2 robe {rC+ rF+}
rPois   +            v - +2 hat {Int+3}
rElec   +            P - +2 cloak {rPois}
rCorr   +            (gloves unavailable)
SInv    .            (boots unavailable)
Will    ++...        Z - amulet of magic regeneration
Stlth   ++           u - ring "Koagiamai" {Fly rElec rCorr}
HPRegen 0.65/turn    I - +6 ring of intelligence
MPRegen 0.69/turn

%: no passive effects
@: paralysed, flying, slowed, studying Shields
A: large, unfitting armour, horns 1, tough skin 1, double potion healing,
drunken brawling, deformed body, deterioration 1
}: 3/15 runes: decaying, serpentine, silver
a: Renounce Religion


You were on level 5 of the Realm of Zot.
You worshipped Vehumet.
Vehumet was exalted by your worship.
You visited 10 branches of the dungeon, and saw 48 of its levels.
You visited 1 bazaar.
You also visited: Sewer, Bailey and Wizlab.

You collected 7274 gold pieces.
You spent 5251 gold pieces at shops.

Inventory:

Hand Weapons
 a - the +3 dire flail of the Meager God {protect, +Blink rN+ Int+3}
   (You found it on level 13 of the Dungeon)

   Int+3:     It affects your intelligence (+3).
   rN+:       It protects you from negative energy.
   +Blink:    It lets you blink.
 e - the +4 spear "Wioh" {chaos, rF+ rC++}
   (You found it on level 1 of the Lair of Beasts)

   rF+:       It protects you from fire.
   rC++:      It greatly protects you from cold.
 x - a +9 spectral giant club (weapon)
 D - the +2 broad axe of Cull {freeze, rPois rC+ Str+2}
   (You took it off a deep elf demonologist on level 3 of the Elven Halls)

   Str+2:     It affects your strength (+2).
   rC+:       It protects you from cold.
   rPois:     It protects you from poison
 F - the +5 morningstar of Lustiun {flame, rPois rF+ Dex+2}
   (You took it off a deep elf sorcerer on level 3 of the Elven Halls)

   Dex+2:     It affects your dexterity (+2).
   rF+:       It protects you from fire.
   rPois:     It protects you from poison
Armour
 p - an orb of light
 s - a scarf of resistance
 v - a +2 hat of intelligence (worn)
 P - a +2 cloak of poison resistance (worn)
 Y - a +2 robe of resistance (worn)
Jewellery
 d - a +5 ring of evasion
 u - the ring "Koagiamai" (left hand) {Fly rElec rCorr}
   (You bought it in a shop on level 8 of the Dungeon)

   [ring of flight]

   rElec:     It insulates you from electricity.
   Fly:       It grants you flight.
   rCorr:     It protects you from acid and corrosion.
 I - a +6 ring of intelligence (right hand)
 L - a ring of positive energy
 O - the ring of Adweuvve {rElec rPois Will+ rCorr Str-3}
   (You bought it in a shop on level 4 of the Depths)

   [ring of poison resistance]

   Str-3:     It affects your strength (-3).
   rElec:     It insulates you from electricity.
   rPois:     It protects you from poison Will+: It increases your willpower.
   rCorr:     It protects you from acid and corrosion.
 T - a ring of see invisible
 Z - an amulet of magic regeneration (around neck)
Wands
 k - a wand of mindburst (26)
 y - a wand of iceblast (47)
 B - a wand of charming (37)
 E - a wand of light (37)
 M - a wand of digging (19)
 X - a wand of polymorph (21)
Scrolls
 c - a scroll of revelation
 g - 11 scrolls of vulnerability {!r}
 m - 7 scrolls of fear
 n - 15 scrolls of teleportation
 q - 5 scrolls of poison
 w - 35 scrolls of identify {@r1}
 G - a scroll of blinking
 J - 2 scrolls of enchant weapon
 S - 4 scrolls of fog
 V - a scroll of amnesia
 W - 7 scrolls of enchant armour
Potions
 b - 3 potions of magic
 f - 15 potions of curing {@q1}
 h - 6 potions of might
 i - 6 potions of haste
 l - 5 potions of cancellation
 o - 4 potions of invisibility
 r - 10 potions of lignification {!q}
 t - 4 potions of resistance
 z - 6 potions of enlightenment
 A - 6 potions of mutation {!q}
 C - 2 potions of berserk rage {!q}
 R - 6 potions of brilliance
 U - a potion of heal wounds {@q2}
Miscellaneous
 j - a phantom mirror
 H - a tin of tremorstones (2/2)
 K - a lightning rod (4/4)
 N - a box of beasts
 Q - a phial of floods


   Skills:
 - Level 18.0 Fighting
 - Level 18.0 Maces & Flails
 - Level 9.4 Dodging
 - Level 1.4 Stealth
 - Level 18.0 Spellcasting
 - Level 14.0 Conjurations
 - Level 16.0 Fire Magic
 - Level 22.0 Ice Magic
 - Level 9.0 Air Magic
 - Level 4.0 Earth Magic
 - Level 7.5 Alchemy
 * Level 10.8 Evocations


You had 2 spell levels left.
You knew the following spells:

 Your Spells              Type           Power      Damage    Failure   Level
a - Orb of Destruction    Conj           42%        9d12      1%          7
b - Ozocubu's Refrigerat  Ice            52%        4d19      1%          7
c - Polar Vortex          Ice            52%        12d6*     4%          9
d - Ignition              Fire           45%        3d13      3%          8
e - Foxfire               Conj/Fire      100%       2x1d9     0%          1
f - Irradiate             Conj/Alch      38%        3d24      1%          5
g - Passwall              Erth           51%        N/A       1%          3
i - Plasma Beam           Fire/Air       40%        2x1d54    1%          6
j - Arcjolt               Conj/Air       39%        1d49      1%          5
x - Freezing Cloud        Conj/Ice/Air   44%        6-21      1%          5
A - Apportation           Tloc           54%        N/A       1%          1
B - Blink                 Tloc           54%        N/A       2%          2

Your spell library contained the following spells:

 Spells                   Type           Power      Damage    Failure   Level
 Fire Storm               Conj/Fire      44%        8d11      58%         9
 Magic Dart               Conj           100%       1d8       0%          1
 Shock                    Conj/Air       100%       1d9       0%          1
 Sting                    Conj/Alch      100%       1d9       0%          1
 Scorch                   Fire           100%       2d9       0%          2
 Static Discharge         Conj/Air       100%       3-8/arc   0%          2
 Kiss of Death            Conj/Necr      100%       2d13      1%          1
 Necrotise                Necr           100%       1d9       1%          1
 Sandblast                Erth           100%       2d20      1%          1
 Slow                     Hex            100%       N/A       1%          1
 Summon Small Mammal      Summ           100%       N/A       1%          1
 Cigotuvi's Dreadful Rot  Necr/Alch/Air  100%       N/A       1%          2
 Ensorcelled Hibernation  Hex/Ice        100%       N/A       1%          2
 Mercury Vapours          Alch/Air       100%       N/A       1%          2
 Call Imp                 Summ           54%        N/A       2%          2
 Jinxbite                 Hex            54%        N/A       2%          2
 Ozocubu's Armour         Ice            100%       N/A       0%          3
 Inner Flame              Hex/Fire       67%        N/A       1%          3
 Mephitic Cloud           Conj/Alch/Air  74%        N/A       1%          3
 Stone Arrow              Conj/Erth      100%       3d13      1%          3
 Summon Ice Beast         Ice/Summ       77%        N/A       1%          3
 Brom's Barrelling Bould  Conj/Erth      70%        2d8       1%          4
 Flame Wave               Conj/Fire      88%        2d19      1%          4
 Ignite Poison            Fire/Alch      79%        N/A       1%          4
 Iskenderun's Mystic Bla  Conj/Tloc      63%        2d13      1%          4
 Olgreb's Toxic Radiance  Alch           65%        N/A       1%          4
 Sticky Flame             Fire/Alch      79%        2d12      1%          4
 Summon Blazeheart Golem  Fire/Summ      67%        N/A       1%          4
 Alistair's Intoxication  Alch           43%        N/A       1%          5
 Conjure Ball Lightning   Conj/Air       39%        3x3d13    1%          6
 Sculpt Simulacrum        Ice/Alch       44%        N/A       1%          6
 Vhi's Electric Charge    Tloc/Air       100%       N/A       2%          4
 Call Canine Familiar     Summ           27%        N/A       4%          3
 Confusing Touch          Hex            27%        N/A       4%          3
 Fugue of the Fallen      Necr           27%        N/A       4%          3
 Sigil of Binding         Hex            27%        N/A       4%          3
 Tukima's Dance           Hex            27%        N/A       4%          3
 Vampiric Draining        Necr           27%        2d7       4%          3
 Silence                  Hex/Air        27%        N/A       6%          5
 Anguish                  Hex/Necr       13%        N/A       14%         4
 Cause Fear               Hex            13%        N/A       14%         4
 Dimensional Bullseye     Hex/Tloc       13%        N/A       14%         4
 Dispel Undead            Necr           27%        3d13      14%         4
 Manifold Assault         Tloc           27%        N/A       14%         4
 Martyr's Knell           Necr/Summ      27%        N/A       14%         4
 Spellforged Servitor     Conj/Summ      31%        N/A       17%         7
 Curse of Agony           Necr           27%        N/A       36%         5
 Summon Mana Viper        Hex/Summ       27%        N/A       36%         5
 Maxwell's Capacitive Co  Air            35%        ∞         50%         8
 Summon Cactus Giant      Summ           13%        N/A       91%         6
 Enfeeble                 Hex            13%        N/A       100%        7
 Malign Gateway           Summ/Tloc      13%        N/A       100%        7
 Monstrous Menagerie      Summ           13%        N/A       100%        7
 Discord                  Hex            13%        N/A       100%        8
 Disjunction              Tloc           13%        N/A       100%        8
 Summon Horrible Things   Summ           13%        N/A       100%        8
 Death's Door             Necr           13%        N/A       100%        9


Dungeon Overview and Level Annotations

Branches:
Dungeon (15/15)            Temple (1/1) D:5            Lair (5/5) D:9
  Swamp (4/4) Lair:3        Snake (4/4) Lair:2        Slime (0/5) Lair:4
    Orc (2/2) D:12            Elf (3/3) Orc:2        Vaults (5/5) D:13
  Crypt (0/3) Vaults:3     Depths (4/4) D:15            Zot (5/5) Depths:4
  Sewer (visited)          Bailey (visited)          WizLab (visited)

Altars:
Ashenzari
Cheibriados
Elyvilon
Fedhas
Gozag
Hepliaklqana
Kikubaaqudgha
Makhleb
Nemelex Xobeh
Okawaru
Qazlal
Ru
Sif Muna
Trog
Uskayaw
Vehumet
Wu Jian
Xom
Yredelemnul
Zin
The Shining One
Beogh

Shops:
D:4 ?   D:7 [   D:8 *   Orc:2 *([:   Elf:1 [   Snake:1 :?=![   Vaults:3 (
Vaults:5 !!!   Depths:1 (:   Depths:2 [   Depths:4 =:=

Portals:
Hell: Depths:1 Depths:2 Depths:3 Depths:4
Abyss: Depths:3
Pandemonium: Depths:2 Depths:4
Ziggurat: Depths:2
Trove: Vaults:1 (give 18 scrolls of teleportation)

Annotations:
D:13 1 runed translucent door (Brilliance)
D:15 3 runed translucent doors, Skimidon's ghost, journeyman MDFi
Lair:4 !, Rupert
Snake:3 3 runed translucent doors, t4s4d4r's ghost, adept CoFi
Vaults:1 trove - 18 ?tele, exclusion: ice statue, Norris; Zenata
Vaults:2 Bai Suzhen
Vaults:4 Jory


Innate Abilities, Weirdness & Mutations

You are too large for most types of armour.
You have a pair of small horns on your head.
You have tough skin. (AC +1)
You gain doubled healing and magic from potions.
Whenever you drink a healing potion, you attack all around you.
Armour fits poorly on your strangely shaped body.
Your body sometimes deteriorates upon taking damage.


Message History

The tentacled monstrosity tentacle-slaps you!
The tentacled monstrosity grabs you.
The tentacled monstrosity constricts you.
You see here a +0 flail.
Unknown command.
Okay, then.
You take a swig of the potion and twirl your +9 spectral giant club.
You bludgeon the tentacled monstrosity!!
You kill the tentacled monstrosity!
Vehumet accepts your kill.
You savour every drop.
You feel better.
The orb of fire emits a lurid red light.
The fireball explodes!
The fireball engulfs you!!! You resist.
The dread lich casts a spell.
The dread lich seems to speed up.
The orb of fire glows yellow.
The fireball explodes!
The fireball engulfs you!! You resist.
* * * LOW HITPOINT WARNING * * *
The dread lich casts a spell.
You hear a deafening roar!
Unknown command.
Unknown command.
Unknown command.
Blink to where?
Press: ? - help, Dir - move target
As you read the scroll of blinking, it crumbles to dust.
The winds around you calm down.
The dread lich gestures at you while chanting.
You suddenly lose the ability to move!
The dread lich gestures wildly while chanting.
The dread lich flickers and vanishes!
Deactivating autopickup; reactivate with Ctrl-A.
The tormentor grins malevolently.
The tormentor calls on the powers of darkness!
Your body is wracked with pain!
* * * LOW HITPOINT WARNING * * *
Your body deteriorates!
You feel weakened.
The orb of fire glows bright magenta.
The bolt of fire hits you!! You resist.
You die...

....≈≈≈≈#≈≈≈≈..# #.............#
....≈#≈≈≈≈#≈≈≈.####.............#
....≈≈≈#≈≈≈≈#≈..###........[....#
.....≈≈≈≈#≈≈≈≈.)###...).........#
...(.≈#≈≈≈≈....[###..............
..##.≈≈≈.^..........[.[..........
#.##.))).........................
#.#########.).().................
#.# ##.....@....#####....... #.#
##......)...### #....... ..#
##..[..2....### #....... ..######
##..[)......### ##...... .......#
##...*.)....### #...... .......#
##...)......### #...... .......#
##..).......### #...... .......#
##..........### #...... .......#
#.########## #..⌠...


You could see an orb of fire and a tormentor (summoned).

Vanquished Creatures
  2 dread liches (Vaults:5)
  2 ancient liches
  Mara (Depths:3)
  2 orbs of fire (Zot:5)
  Josephina (Depths:4)
  3 Killer Klowns (Zot:5)
  Saint Roka (Elf:2)
  2 curse toes
  10 golden dragons
  An electric golem (Zot:4)
  Jorgrun (Swamp:1)
  12 tentacled monstrosities
  13 Orb Guardians (Zot:5)
  8 titans
  2 deep elf blademasters
  A lich (Vaults:5)
  8 quicksilver dragons
  2 deep elf master archers (Elf:3)
  6 sphinxes
  The ghost of Upitte the Warrior, an adept OnHs of Yredelemnul (Swamp:2)
  A thorn hunter (Swamp:3)
  7 death cobs
  9 tengu reavers
  Kirke (Lair:5)
  Agnes (Snake:2)
  5 storm dragons
  Donald (Elf:2)
  5 shadow dragons
  5 draconian monks
  4 protean progenitors
  4 fenstrider witches (Swamp:4)
  3 nagarajas
  Aizul (Snake:2)
  3 draconian knights
  20 vault wardens
  6 deep elf sorcerers
  9 fire giants
  10 frost giants
  3 ghost moths
  7 deep elf elementalists (Elf:3)
  The ghost of Skimidon the Marksdraconian, a journeyman DrHu of Hepliaklqana (D:13)
  Louise (Swamp:3)
  3 draconian shifters (Zot:1)
  An iron dragon (Vaults:5)
  The ghost of hackum the Marksdemigod, a journeyman DgHu (Swamp:1)
  7 draconian scorchers
  6 orc warlords
  20 ironbound preservers
  2 formless jellyfish
  3 draconian stormcallers
  5 spriggan defenders
  5 draconian annihilators
  7 stone giants
  3 very ugly things
  3 vampire knights
  9 ironbound thunderhulks
  4 deep elf demonologists
  11 black draconians
  5 eleionomae
  8 dire elephants
  9 deep elf annihilators
  8 green draconians
  4 white draconians
  10 yellow draconians
  8 deep elf death magi
  4 war gargoyles (Vaults:5)
  A lorocyproca (Depths:4)
  8 purple draconians
  7 red draconians
  14 spark wasps
  3 bunyips
  A blizzard demon (Depths:2)
  16 ettins
  A green death (Swamp:4)
  10 fire dragons
  2 crystal guardians (Vaults:2)
  3 mummy priests (WizLab)
  3 merfolk impalers
  7 deep elf high priests
  3 shambling mangroves (Swamp:4)
  A quicksilver dragon zombie (Vaults:5)
  37 vault guards
  An entropy weaver (Vaults:1)
  3 great orbs of eyes
  14 hydras
  14 yaktaur captains
  5 peacekeepers
  2 sphinx zombies
  3 rakshasas
  5 ice dragons
  4 spriggan air magi
  3 alligators
  10 ironbound frosthearts
  3 catoblepae
  5 centaur warriors
  2 ghost crabs
  21 anacondas
  2 death knights (Vaults:3)
  7 salamander tyrants
  5 ogre magi
  8 boulder beetles
  12 naga warriors
  8 deep troll shamans
  11 tengu warriors
  24 dancing weapons
  8 two-headed ogres
  2 vampire magi
  9 deep troll earth magi
  A shock serpent (shapeshifter) (Elf:1)
  2 orc high priests
  10 naga sharpshooters
  3 occultists
  9 spriggan berserkers
  17 deep elf knights
  9 shock serpents
  3 hell knights (Depths:3)
  2 sun demons
  5 soul eaters
  A skyshark (Lair:4)
  2 spark wasp zombies (WizLab)
  4 iron trolls
  9 sea snakes
  13 salamander mystics
  2 glowing orange brains
  5 goliath frogs
  36 deep trolls
  2 swamp dragons
  8 naga ritualists
  A quicksilver dragon simulacrum (Depths:4)
  6 arcanists
  A flayed ghost (Depths:4)
  5 spriggan druids (Swamp:4)
  A spriggan simulacrum (Depths:4)
  4 bog bodies
  Pikel (D:5)
  19 ironbound convokers
  7 lindwurms
  13 mana vipers
  A tengu zombie (Depths:2)
  A thermic dynamo (Elf:2)
  13 deep elf archers
  A harpy (shapeshifter) (Elf:1)
  3 phantasmal warriors (Vaults:5)
  39 deep elf pyromancers
  14 orc knights
  13 harpies
  A stone giant zombie (Depths:1)
  23 deep elf zephyrmancers
  7 orc sorcerers
  A shadow dragon skeleton (Depths:2)
  8 necromancers
  2 iron dragon zombies (WizLab)
  3 will-o-the-wisps
  3 manticores (Elf:1)
  11 ugly things
  12 moths of wrath
  An oklob plant (Lair:3)
  A meliai (D:13)
  A stone giant skeleton (Depths:1)
  39 salamanders
  A wolf spider (Zot:5)
  2 meliai (shapeshifter)
  A frost giant skeleton (Depths:2)
  A fire giant skeleton (Depths:1)
  15 vault sentinels
  11 naga magi
  2 molten gargoyles (Lair:5)
  40 black mambas
  A demonspawn zombie (WizLab)
  A rust devil (Depths:4)
  6 elephants
  A water nymph (shapeshifter) (Vaults:5)
  A gargoyle (D:13)
  An eye of devastation (shapeshifter) (Depths:2)
  8 guardian serpents
  A smoke demon (Swamp:4)
  A storm dragon simulacrum (Depths:4)
  4 orange demons (Swamp:4)
  16 cane toads
  3 human zombies
  A hellion (Depths:4)
  20 yaktaurs
  A kobold demonologist (D:11)
  An unseen horror (D:11)
  17 komodo dragons
  A rime drake (Lair:5)
  4 freezing wraiths
  8 tengu conjurers
  6 trolls
  3 guardian mummies (WizLab)
  A shadow dragon simulacrum (Depths:4)
  3 hellwings (Swamp:4)
  A polar bear (Lair:4)
  A queen bee (shapeshifter) (Vaults:5)
  A tengu simulacrum (Vaults:5)
  7 tyrant leeches
  32 hornets
  5 blink frogs (Lair:5)
  An iron dragon simulacrum (Depths:1)
  A fire dragon zombie (WizLab)
  An ettin zombie (WizLab)
  2 fire giant simulacra (Depths:2)
  4 glass eyes
  A spriggan zombie (Depths:1)
  39 slime creatures
  A jumping spider (Vaults:1)
  Sigmund (D:2)
  A spriggan (shapeshifter) (Elf:3)
  4 air elementals
  A ynoxinul (Depths:2)
  3 shadows
  9 wyverns
  10 water elementals
  A human (shapeshifter) (D:14)
  3 fire elementals
  3 wraiths
  16 spriggans
  A warg (Elf:2)
  6 basilisks
  The ghost of CraftyCompanion the Apothecary, an amateur NaAl (D:3)
  38 yaks
  4 humans
  Grum (Bailey)
  2 redbacks (Vaults:1)
  17 vampire mosquitoes
  A steam dragon (D:9)
  5 chaos spawn (Swamp:4)
  14 swamp worms
  A glowing shapeshifter zombie (WizLab)
  47 nagas
  A swamp worm (shapeshifter) (Depths:2)
  18 water moccasins
  6 hell hounds
  2 acid dragons
  An unseen horror (shapeshifter) (Vaults:5)
  36 orc warriors
  A human skeleton (Vaults:5)
  A sky beast (D:7)
  5 swamp drakes (Swamp:2)
  An ice beast (D:6)
  2 black bears
  6 centaurs
  10 ogres
  4 boggarts (Vaults:3)
  A crocodile (shapeshifter) (D:14)
  2 lemures (D:5)
  A phantom (D:6)
  16 wolves
  2 kobold brigands
  9 bullfrogs
  3 earth elementals
  6 gnoll sergeants (Bailey)
  2 scorpions
  5 wights (D:9)
  28 killer bees
  5 electric eels
  2 howler monkeys (D:11)
  5 bombardier beetles
  4 lava snakes (Lair:5)
  4 jellies
  15 orc priests
  9 gnoll boudas
  4 hounds
  2 sleepcaps
  4 iguanas
  Natasha (twice) (D:3)
  17 orc wizards
  Terence (D:3)
  4 hell rats (Lair:5)
  25 gnolls
  5 adders
  3 river rats
  A shadow imp (D:6)
  5 white imps
  11 ribbon worms
  75 orcs
  2 bats
  6 endoplasms
  4 giant cockroaches
  5 goblins
  4 hobgoblins
  4 jackals (D:1)
  26 kobolds
  3 quokkas
  6 ball pythons
  A frilled lizard (D:2)
  15 rats
  5 aspiring fleshes
  A foxfire (Swamp:2)
  26 spectral weapons
1989 creatures vanquished.

Vanquished Creatures (others)
  A blizzard demon (Swamp:4)
  An ogre mage (Vaults:5)
  A ghost crab (Swamp:4)
  A deep elf knight (Elf:2)
  A black mamba (Snake:1)
  206 foxfires
  13 spectral weapons
224 creatures vanquished.

Grand Total: 2213 creatures vanquished

Notes
Turn   | Place    | Note
-------+----------+-------------------------------------------
     0 | D:1      | Leszczynek the Oni Alchemist began the quest for the Orb.
     0 | D:1      | Reached XP level 1. HP: 16/16 MP: 3/3
   154 | D:1      | Reached skill level 1 in Conjurations
   389 | D:1      | Reached XP level 2. HP: 26/26 MP: 0/5
   447 | D:1      | Learned a level 2 spell: Mercury Vapours
   692 | D:1      | Reached skill level 1 in Fighting
   923 | D:1      | Reached skill level 3 in Alchemy
   932 | D:1      | Reached skill level 1 in Air Magic
   934 | D:1      | Reached XP level 3. HP: 32/33 MP: 3/6
   973 | D:1      | You fall into a shaft and drop 1 floor!
  1025 | D:2      | Learned a level 3 spell: Mephitic Cloud
  1156 | D:2      | Noticed Sigmund
  1726 | D:3      | Found a hide-covered altar of Uskayaw.
  1744 | D:3      | Found a basalt altar of Yredelemnul.
  1745 | D:3      | Noticed Natasha
  1823 | D:3      | Killed Natasha
  1824 | D:3      | Reached skill level 2 in Conjurations
  1824 | D:3      | Reached XP level 4. HP: 14/42 MP: 3/7
  1936 | D:3      | Noticed Natasha
  2028 | D:3      | Noticed Terence
  2041 | D:3      | Killed Terence
  2042 | D:3      | Reached skill level 2 in Fighting
  2120 | D:3      | Killed Natasha
  2121 | D:3      | Reached skill level 2 in Air Magic
  2121 | D:3      | Reached XP level 5. HP: 48/49 MP: 3/8
  2164 | D:3      | Found a runed translucent door.
  2177 | D:3      | Noticed CraftyCompanion's ghost (amateur NaAl)
  2323 | D:3      | Found a glowing drain.
  2351 | Sewer    | Entered a sewer
  2352 | Sewer    | wow
  2352 | Sewer    | was this the last turn possible?
  3130 | D:4      | Reached XP level 6. HP: 59/59 MP: 5/9
  3337 | D:4      | Identified the +3 leather armour of Fun {+Blink Fly Will-
                  | Slay+5}
  3487 | D:4      | Found Dumyo's Magic Scroll Emporium.
  3495 | D:4      | Bought a scroll of identify for 26 gold pieces
  3495 | D:4      | Bought a scroll of identify for 26 gold pieces
  3495 | D:4      | Bought a scroll of butterflies for 52 gold pieces
  3495 | D:4      | Bought a scroll of identify for 26 gold pieces
  3495 | D:4      | Bought a scroll of identify for 26 gold pieces
  3495 | D:4      | Bought a scroll of identify for 26 gold pieces
  3495 | D:4      | Bought a scroll of identify for 26 gold pieces
  3539 | D:4      | Found a blossoming altar of Fedhas.
  3589 | D:5      | Entered Level 5 of the Dungeon
  3597 | D:5      | Reached skill level 3 in Conjurations
  3597 | D:5      | Reached skill level 4 in Alchemy
  3706 | D:5      | Reached skill level 3 in Fighting
  3706 | D:5      | Reached skill level 3 in Air Magic
  3886 | D:5      | Found a staircase to the Ecumenical Temple.
  3896 | Temple   | Entered the Ecumenical Temple
  3908 | Temple   | Became a worshipper of Vehumet
  3956 | D:5      | Reached XP level 7. HP: 67/67 MP: 6/11
  4090 | D:5      | Reached skill level 3 in Spellcasting
  4389 | D:5      | Learned a level 4 spell: Olgreb's Toxic Radiance
  4470 | D:5      | Reached skill level 5 in Alchemy
  4575 | D:5      | Noticed Pikel
  4610 | D:5      | Killed Pikel
  4611 | D:5      | Reached skill level 4 in Spellcasting
  4611 | D:5      | Reached skill level 4 in Conjurations
  4611 | D:5      | Reached skill level 6 in Alchemy
  4611 | D:5      | Reached XP level 8. HP: 57/75 MP: 9/14
  4667 | D:5      | Reached skill level 5 in Conjurations
  5063 | D:6      | Reached skill level 4 in Fighting
  5063 | D:6      | Reached skill level 6 in Conjurations
  5255 | D:6      | Reached * piety under Vehumet
  5255 | D:6      | Offered knowledge of Foxfire by Vehumet.
  5258 | D:6      | Learned a level 1 spell: Foxfire
  5289 | D:6      | Reached XP level 9. HP: 72/84 MP: 13/15
  5491 | D:6      | Reached skill level 1 in Maces & Flails
  5788 | D:6      | Reached skill level 7 in Alchemy
  5847 | D:6      | Found a burning altar of Makhleb.
  5890 | D:6      | Reached skill level 2 in Maces & Flails
  6000 | D:7      | Reached skill level 2 in Dodging
  6054 | D:7      | Found a flagged portal.
  6098 | Bailey   | Entered a bailey
  6211 | Bailey   | Offered knowledge of Freeze by Vehumet.
  6216 | Bailey   | Reached ** piety under Vehumet
  6217 | Bailey   | Reached skill level 3 in Maces & Flails
  6359 | Bailey   | Reached skill level 5 in Fighting
  6360 | Bailey   | Reached skill level 7 in Conjurations
  6448 | Bailey   | this might be a problem
  6455 | Bailey   | Reached skill level 4 in Maces & Flails
  6693 | Bailey   | Noticed Grum
  6700 | Bailey   | Killed Grum
  6701 | Bailey   | Reached skill level 6 in Fighting
  6701 | Bailey   | Reached XP level 10. HP: 72/98 MP: 5/16
  6801 | Bailey   | Reached skill level 5 in Maces & Flails
  6824 | Bailey   | Got the Exposition on Thunder and the Snowflakes
  6866 | D:7      | that was a pretty damn weak bailey
  6916 | D:7      | Offered knowledge of Inner Flame by Vehumet.
  6970 | D:7      | Found a hazy altar of Hepliaklqana.
  7035 | D:7      | Reached skill level 8 in Conjurations
  7385 | D:7      | Found Zaagorie's Armour Shoppe.
  7399 | D:7      | great shop
  7425 | D:7      | nothing i could even use
  7539 | D:8      | Reached *** piety under Vehumet
  7701 | D:8      | Found Duumes's General Store.
  7843 | D:8      | Reached skill level 5 in Spellcasting
  7942 | D:8      | Learned a level 3 spell: Inner Flame
  7991 | D:8      | Reached skill level 1 in Fire Magic
  7996 | D:8      | Offered knowledge of Ignite Poison by Vehumet.
  8006 | D:8      | Learned a level 4 spell: Ignite Poison
  8006 | D:8      | wew
  8055 | D:8      | it works with meph cloud too
  8055 | D:8      | how nice
  8332 | D:8      | Bought the ring "Koagiamai" {Fly rElec rCorr} for 519 gold
                  | pieces
  8379 | D:9      | wait, that's inner flame, not sticky flame
  8379 | D:9      | i should really go to sleep
  8400 | D:9      | Reached skill level 6 in Maces & Flails
  8470 | D:9      | Reached skill level 2 in Fire Magic
  8471 | D:9      | Noticed a two-headed ogre
  8479 | D:9      | Killed a two-headed ogre
  8480 | D:9      | Reached skill level 3 in Fire Magic
  8573 | D:9      | Reached skill level 6 in Spellcasting
  8606 | D:9      | Reached XP level 11. HP: 107/107 MP: 5/20
  8706 | D:9      | Found a staircase to the Lair.
  8754 | D:9      | Found a glowing silver altar of Zin.
  8764 | D:9      | Reached skill level 9 in Conjurations
  8766 | D:9      | Reached skill level 4 in Fire Magic
  9088 | D:9      | Reached **** piety under Vehumet
  9155 | D:10     | Entered Level 10 of the Dungeon
  9349 | D:10     | Reached skill level 7 in Fighting
  9480 | D:10     | Noticed a two-headed ogre
  9490 | D:10     | Killed a two-headed ogre
  9491 | D:10     | Reached skill level 5 in Fire Magic
  9623 | D:10     | Found a sparkling altar of Nemelex Xobeh.
  9933 | D:10     | Found a broken altar of Ashenzari.
 10044 | D:11     | Offered knowledge of Flame Wave by Vehumet.
 10045 | D:11     | Noticed a two-headed ogre
 10048 | D:11     | Noticed a boulder beetle
 10051 | D:11     | Killed a two-headed ogre
 10052 | D:11     | Reached skill level 8 in Fighting
 10052 | D:11     | Reached skill level 7 in Spellcasting
 10052 | D:11     | Reached skill level 6 in Fire Magic
 10055 | D:11     | Killed a boulder beetle
 10282 | D:11     | Reached skill level 7 in Fire Magic
 10311 | D:11     | Noticed a boulder beetle
 10311 | D:11     | Noticed a boulder beetle
 10312 | D:11     | uhhhhhhhhhhhhh
 10372 | D:11     | Noticed a two-headed ogre
 10647 | D:10     | Learned a level 4 spell: Flame Wave
 10674 | D:11     | Killed a two-headed ogre
 10675 | D:11     | Reached skill level 8 in Spellcasting
 10675 | D:11     | Reached XP level 12. HP: 119/119 MP: 16/24
 10708 | D:11     | Noticed a two-headed ogre
 10713 | D:11     | Killed a two-headed ogre
 10741 | D:11     | Killed a boulder beetle
 10742 | D:11     | Reached skill level 7 in Maces & Flails
 10742 | D:11     | Reached skill level 8 in Fire Magic
 10863 | D:11     | Noticed an eight-headed hydra
 10908 | D:11     | Killed a boulder beetle
 10986 | D:11     | Killed an eight-headed hydra
 11003 | D:11     | ok, so lignification works as a last resort
 11115 | D:11     | Identified the +5 hand axe of Tension {elec, rC+ Str+4}
 11313 | D:12     | Reached ***** piety under Vehumet
 11610 | D:12     | Reached skill level 8 in Maces & Flails
 11615 | D:12     | Offered knowledge of Plasma Beam by Vehumet.
 11713 | D:12     | Noticed a boulder beetle
 11722 | D:12     | Killed a boulder beetle
 11913 | D:12     | Noticed a boulder beetle
 11926 | D:12     | Killed a boulder beetle
 11927 | D:12     | Reached skill level 4 in Air Magic
 12203 | D:12     | Reached skill level 9 in Fire Magic
 12312 | D:12     | Found a staircase to the Orcish Mines.
 12629 | D:12     | oh, flame wave synergizes with acrobat
 12764 | Orc:1    | Entered Level 1 of the Orcish Mines
 12799 | Orc:1    | Noticed an orc warlord
 12812 | Orc:1    | Killed an orc warlord
 12813 | Orc:1    | Reached skill level 9 in Fighting
 12813 | Orc:1    | Reached skill level 5 in Air Magic
 12813 | Orc:1    | olgreb makes orc into a joke, as usual
 12819 | Orc:1    | Reached XP level 13. HP: 122/131 MP: 11/25
 12989 | Orc:1    | Learned a level 6 spell: Plasma Beam
 13058 | Orc:2    | Entered Level 2 of the Orcish Mines
 13066 | Orc:2    | Reached skill level 9 in Spellcasting
 13162 | Orc:2    | Found a staircase to the Elven Halls.
 13357 | Orc:2    | Reached skill level 6 in Air Magic
 13374 | Orc:2    | Noticed an orc warlord
 13378 | Orc:2    | wait wait
 13378 | Orc:2    | a plate armor of what
 13378 | Orc:2    | shieeeeet
 13680 | Orc:2    | Upgraded the game from 0.32-a0-471-gb91d5d9764 to
                  | 0.32-a0-484-g2eb335deba
 13817 | Orc:2    | Reached skill level 10 in Fighting
 13837 | Orc:2    | Killed an orc warlord
 13838 | Orc:2    | nice
 13871 | Orc:2    | Offered knowledge of Arcjolt by Vehumet.
 13876 | Orc:2    | Reached skill level 7 in Air Magic
 14070 | Orc:2    | Found a roughly hewn altar of Beogh.
 14155 | Orc:2    | Found a roughly hewn altar of Beogh.
 14157 | Orc:2    | Found Qicil's General Store.
 14171 | Orc:2    | Found Xaicitan's Antique Armour Emporium.
 14196 | Orc:2    | Found Cizudgho's Book Emporium.
 14211 | Orc:2    | Found Kosetat's Antique Weapon Emporium.
 14235 | Orc:2    | Bought a potion of curing for 42 gold pieces
 14235 | Orc:2    | Bought a potion of haste for 140 gold pieces
 14251 | Orc:2    | Bought an embroidered cloak for 210 gold pieces
 14358 | D:13     | Reached skill level 10 in Spellcasting
 14462 | D:13     | Noticed a vault guard
 14466 | D:13     | okay, that's a REALLY bugged targetter
 14466 | D:13     | Noticed a vault guard
 14468 | D:12     | really really
 14597 | D:13     | Noticed a vault guard
 14601 | D:13     | Killed a vault guard
 14602 | D:13     | Reached skill level 8 in Air Magic
 14605 | D:13     | Killed a vault guard
 14606 | D:13     | Noticed an ironbound thunderhulk
 14607 | D:13     | oof
 14703 | D:13     | Killed an ironbound thunderhulk
 14704 | D:13     | Reached skill level 3 in Dodging
 14708 | D:13     | Killed a vault guard
 14827 | D:13     | Found a gate to the Vaults.
 14867 | D:13     | Found a runed translucent gate.
 14868 | D:13     | Found a runed translucent gate.
 14869 | D:13     | Noticed a merfolk impaler
 14869 | D:13     | Found a runed translucent gate.
 14869 | D:13     | Noticed Skimidon's ghost (journeyman DrHu)
 14870 | D:13     | Noticed a merfolk impaler
 14872 | D:13     | Found an iron altar of Okawaru.
 15036 | D:13     | Found the +1 eveningstar "Brilliance" {foul flame, Umbra}
 15038 | D:13     | Noticed a profane servitor
 15049 | D:13     | Noticed a profane servitor
 15058 | D:13     | Found a runed translucent door.
 15071 | D:13     | Noticed a profane servitor
 15358 | D:13     | HP: 18/133 [centaur warrior/arrow (23)]
 15487 | D:8      | Bought a scroll of teleportation for 42 gold pieces
 15487 | D:8      | Bought a scroll of blinking for 105 gold pieces
 15487 | D:8      | Bought a scroll of teleportation for 42 gold pieces
 15487 | D:8      | Bought a potion of curing for 42 gold pieces
 15853 | D:13     | Reached XP level 14. HP: 107/143 MP: 21/28
 15878 | D:13     | uh
 16057 | D:13     | Reached skill level 4 in Dodging
 16353 | D:13     | Identified the +3 dire flail of the Meager God {protect,
                  | +Blink rN+ Int+3}
 16355 | D:13     | huh
 16355 | D:13     | actually...
 16409 | D:14     | Reached skill level 9 in Air Magic
 16448 | D:14     | Reached skill level 11 in Spellcasting
 16449 | D:14     | Reached skill level 10 in Conjurations
 17298 | D:15     | Entered Level 15 of the Dungeon
 17374 | D:15     | Found a runed translucent gate.
 17374 | D:15     | Found a runed translucent gate.
 17374 | D:15     | Found a runed translucent gate.
 17378 | D:15     | Noticed Skimidon's ghost (journeyman MDFi)
 17650 | D:15     | Reached skill level 5 in Dodging
 18036 | D:15     | Found a staircase to the Depths.
 18190 | D:15     | Learned a level 5 spell: Arcjolt
 18341 | Lair:1   | Entered Level 1 of the Lair of Beasts
 18407 | Lair:1   | Identified the +4 spear "Wioh" {chaos, rF+ rC++}
 18682 | Lair:1   | Offered knowledge of Freezing Cloud by Vehumet.
 18683 | Lair:1   | Reached skill level 11 in Conjurations
 19340 | Lair:2   | Reached skill level 12 in Spellcasting
 19596 | Lair:2   | Found a staircase to the Snake Pit.
 19855 | Lair:3   | Reached XP level 15. HP: 149/149 MP: 7/31
 19969 | Lair:3   | Found a staircase to the Swamp.
 20078 | Lair:3   | Identified the +7 flail of Darkness {flame, rF- Int+5}
 20102 | Lair:3   | Reached skill level 9 in Maces & Flails
 20148 | Lair:3   | Reached skill level 12 in Conjurations
 20264 | Lair:3   | Learned a level 5 spell: Freezing Cloud
 20264 | Lair:3   | surely i will find amnesia soon, right? XD
 20553 | Lair:4   | Reached skill level 1 in Ice Magic
 20608 | Lair:4   | Noticed Rupert
 20612 | Lair:3   | yikes
 20830 | Lair:5   | Entered Level 5 of the Lair of Beasts
 21002 | Lair:4   | Found a staircase to the Slime Pits.
 21014 | Lair:4   | Reached skill level 2 in Ice Magic
 21475 | Lair:5   | Offered knowledge of Starburst by Vehumet.
 21476 | Lair:5   | Reached skill level 3 in Ice Magic
 21510 | Lair:5   | HP: 22/152 [wyvern (15)]
 21655 | Lair:5   | Noticed Kirke
 21661 | Lair:5   | Killed Kirke
 22125 | Lair:5   | Reached skill level 4 in Ice Magic
 22521 | Lair:5   | there's a funny bug that might not have been fixed on this
                  | server yet, so I'm not updating my game today
 22577 | Lair:5   | Found a large runed translucent door.
 22577 | Lair:5   | Found a large runed translucent door.
 22709 | Lair:5   | Reached skill level 11 in Fighting
 22991 | Snake:1  | Entered Level 1 of the Snake Pit
 23297 | Lair:2   | rough
 23403 | Snake:1  | Reached skill level 13 in Spellcasting
 23404 | Snake:1  | Reached skill level 10 in Maces & Flails
 23417 | Snake:1  | Reached skill level 10 in Fire Magic
 23417 | Snake:1  | HP: 28/154 [poisoned by a naga ritualist (toxic radiance)]
 23422 | Snake:1  | HP: 14/154 [poisoned by a naga ritualist (toxic radiance)]
 23425 | Lair:2   | very rough, i can't do shit
 23427 | Lair:2   | HP: 9/154 [poisoned by a naga ritualist (toxic radiance)]
 23754 | Snake:1  | gotta switch to fcloud
 24175 | Snake:1  | and it seems there's one even sillier bug so it's good I
                  | didn't update the game
 24230 | Snake:1  | Reached XP level 16. HP: 123/165 MP: 10/33
 24333 | Snake:1  | Reached skill level 12 in Fighting
 24719 | Snake:1  | Found Duize's Armour Shop.
 24719 | Snake:1  | Found Tixah's Magic Scroll Boutique.
 24721 | Snake:1  | Found Anoibb's Distillery.
 24723 | Snake:1  | Found Fegeih's Jewellery Boutique.
 24724 | Snake:1  | surely these shops will be better
 24765 | Snake:1  | not really
 24765 | Snake:1  | i'll wait with buying until i finish shnake though
 25254 | Snake:1  | Found Issodoc's Book Shop.
 25433 | Snake:2  | bazaar
 25433 | Snake:2  | not buying stuff was a good call
 25433 | Snake:2  | ...and i don't have revelation
 25433 | Snake:2  | shit
 25435 | Snake:2  | Reached skill level 13 in Conjurations
 25458 | Snake:2  | Offered knowledge of Iskenderun's Battlesphere by Vehumet.
 25480 | Snake:2  | Noticed a nagaraja
 25493 | Snake:2  | Killed a nagaraja
 25552 | Snake:2  | Found a flickering gateway to a bazaar.
 25566 | Bazaar   | Entered a bazaar
 25566 | Bazaar   | Found Vemm's General Store.
 25566 | Bazaar   | Found Pourch's Antique Armour Shop.
 25578 | Bazaar   | Found Plog's Antique Weapon Shop.
 25611 | Bazaar   | that's it?
 25611 | Bazaar   | wow, it's awful
 25623 | Bazaar   | Bought an amulet of magic regeneration for 450 gold pieces
 25626 | Bazaar   | Bought a scroll of revelation for 112 gold pieces
 25626 | Bazaar   | Bought a scroll of revelation for 112 gold pieces
 25626 | Bazaar   | Bought a scroll of revelation for 112 gold pieces
 25626 | Bazaar   | Bought a scroll of enchant weapon for 112 gold pieces
 25626 | Bazaar   | great shopping
 25669 | Snake:2  | Identified the serpent talisman of Fuohac {rN+}
 25669 | Snake:2  | Noticed Aizul
 25680 | Snake:2  | Killed Aizul
 25681 | Snake:2  | Reached skill level 5 in Ice Magic
 25961 | Snake:2  | Reached skill level 13 in Fighting
 26015 | Snake:2  | Identified the +3 arbalest of the Shrinking Gods {penet,
                  | Fly rElec Dex-5}
 26419 | Snake:2  | Reached skill level 6 in Ice Magic
 27063 | Snake:2  | Reached skill level 7 in Ice Magic
 27241 | Snake:3  | Noticed Agnes
 27242 | Snake:3  | ugh
 27244 | Snake:2  | right
 27244 | Snake:2  | 77/170 hp just from going back up
 27244 | Snake:2  | well then, blink + tele?
 27244 | Snake:2  | honestly I don't have any better idea
 27244 | Snake:2  | i can survive 2 turns next to her and that's it
 27244 | Snake:2  | 1 if i'm unlucky
 27550 | Snake:2  | i really should have used this staircase instead
 27552 | Snake:3  | or maybe not?
 27656 | Snake:2  | can i stairdance this?
 27656 | Snake:2  | million nagas
 27656 | Snake:2  | let's get blink first
 27985 | D:15     | Learned a level 2 spell: Blink
 28219 | Snake:2  | Reached skill level 8 in Ice Magic
 28993 | Snake:3  | Reached skill level 9 in Ice Magic
 28999 | Snake:3  | Reached XP level 17. HP: 104/178 MP: 14/34
 29211 | Snake:2  | Killed Agnes
 29212 | Snake:2  | Reached skill level 10 in Ice Magic
 29212 | Snake:2  | see, now that I have some distance, it's super easy
 29270 | Snake:3  | Offered knowledge of Ozocubu's Refrigeration by Vehumet.
 29280 | Snake:3  | Learned a level 7 spell: Ozocubu's Refrigeration
 30115 | Snake:3  | Found a runed translucent gate.
 30116 | Snake:3  | Found a runed translucent gate.
 30116 | Snake:3  | Found a runed translucent gate.
 30117 | Snake:3  | Noticed t4s4d4r's ghost (adept CoFi)
 30349 | Snake:4  | Entered Level 4 of the Snake Pit
 30482 | Snake:4  | Reached skill level 11 in Ice Magic
 31381 | Snake:4  | Reached skill level 12 in Ice Magic
 32188 | Snake:4  | Reached skill level 13 in Ice Magic
 32365 | Snake:4  | Offered knowledge of Eringya's Noxious Bog by Vehumet.
 32366 | Snake:4  | got eringya's
 32366 | Snake:4  | but nah
 32617 | Snake:4  | Reached skill level 14 in Ice Magic
 32667 | Snake:4  | Reached XP level 18. HP: 156/185 MP: 22/35
 33036 | Snake:4  | Got a serpentine rune of Zot
 33236 | Snake:1  | Bought a potion of magic for 136 gold pieces
 33236 | Snake:1  | Bought a potion of heal wounds for 85 gold pieces
 33236 | Snake:1  | Bought a potion of heal wounds for 85 gold pieces
 33236 | Snake:1  | Bought a potion of resistance for 170 gold pieces
 33378 | Swamp:1  | Entered Level 1 of the Swamp
 33379 | Swamp:1  | well what now
 33498 | Swamp:1  | Found a shimmering altar of Xom.
 33498 | Swamp:1  | Noticed hackum's ghost (journeyman DgHu)
 33500 | Swamp:1  | Found a runed translucent door.
 33856 | Swamp:1  | Noticed Jorgrun
 33869 | Swamp:1  | Killed Jorgrun
 34509 | Swamp:2  | Found a runed translucent door.
 34511 | Swamp:2  | Noticed Upitte's ghost (adept OnHs)
 34531 | Swamp:2  | Reached skill level 15 in Ice Magic
 34561 | Swamp:2  | Upgraded the game from 0.32-a0-484-g2eb335deba to
                  | 0.32-a0-519-g08f29ac1c3
 35493 | Swamp:3  | Noticed Louise
 35498 | Swamp:3  | Killed Louise
 35691 | Swamp:3  | Found the +7 sceptre of Torment {pain, torment}
 35695 | Swamp:3  | huh
 35695 | Swamp:3  | it doesn't hurt ME, right?
 36197 | Swamp:4  | Entered Level 4 of the Swamp
 36267 | Swamp:4  | Noticed a tentacled monstrosity
 36268 | Swamp:4  | uh
 36268 | Swamp:4  | and what do i kill this with
 36278 | Swamp:4  | hmm
 36280 | Swamp:3  | hm
 36364 | Swamp:3  | this is going to be a pain in the ass
 36849 | Swamp:4  | Identified the +0 scale mail "Plog" {rN++ Int-3}
 36932 | Swamp:4  | Paralysed by a hornet for 1 turns
 36959 | Swamp:4  | Reached skill level 14 in Spellcasting
 37731 | Swamp:4  | Reached skill level 11 in Maces & Flails
 37889 | Swamp:4  | Reached skill level 16 in Ice Magic
 38134 | Swamp:4  | Got a decaying rune of Zot
 38191 | Swamp:4  | this shit again
 38205 | Swamp:4  | Killed a tentacled monstrosity
 38217 | Swamp:4  | this sure looks like lucky rolls
 38467 | Swamp:4  | literally nothing with will+
 38467 | Swamp:4  | not even a +0 robe
 38690 | Vaults:1 | Entered Level 1 of the Vaults
 38694 | Vaults:1 | Reached XP level 19. HP: 193/193 MP: 25/37
 38755 | Vaults:1 | 52% mark
 38755 | Vaults:1 | dis gon b fun
 38968 | Vaults:1 | You are sucked into a shaft and drop 1 floor!
 38969 | Vaults:2 | :(
 39261 | Vaults:2 | and how am i supposed to kill this
 39618 | Vaults:2 | no blinks again
 39651 | Vaults:2 | and what about that?
 39651 | Vaults:2 | immune to everything
 39676 | Vaults:2 | maybe i should just enchant a giant club
 39676 | Vaults:2 | instead of looking for a demon whip
 39699 | Vaults:2 | Reached ****** piety under Vehumet
 39792 | Vaults:1 | you HAVE to be kidding me
 39792 | Vaults:1 | gg no re
 40105 | Vaults:1 | Noticed Norris
 40111 | Vaults:1 | btw a crystal guardian completely mangled me
 40111 | Vaults:1 | 2x did no damage and "completely missed" once
 40111 | Vaults:1 | it has 0 EV
 40114 | Vaults:1 | so I was down 120 HP and it was barely scratched
 40114 | Vaults:1 | what do I do again? !might against every single one?
 40114 | Vaults:1 | or do I just go full str and switch to the club?
 40114 | Vaults:1 | maybe I should do just that
 40172 | Vaults:1 | uh, how do I get out of here
 40439 | Vaults:1 | Offered knowledge of Fire Storm by Vehumet.
 40439 | Vaults:1 | Offered knowledge of Polar Vortex by Vehumet.
 40439 | Vaults:1 | Offered knowledge of Maxwell's Capacitive Coupling by
                  | Vehumet.
 40442 | Vaults:1 | >52% polar vortex
 40442 | Vaults:1 | uhhhhhhhhhhhhhhhhhh
 40442 | Vaults:1 | maybe I really should just switch to clubbing
 40442 | Vaults:1 | kinda late tho
 40442 | Vaults:1 | anyway, lesson learned
 40442 | Vaults:1 | don't make a blaster caster out of -1 apts or you'll suffer
 40913 | Vaults:1 | Found a portal to a secret trove of treasure.
 40924 | Vaults:1 | 18 scrolls of teleportation for the trove - no way
 41004 | Vaults:1 | Reached skill level 15 in Spellcasting
 41016 | Vaults:1 | Reached skill level 17 in Ice Magic
 41266 | Vaults:1 | Reached skill level 12 in Maces & Flails
 41277 | Vaults:1 | Learned a level 9 spell: Polar Vortex
 41457 | Vaults:1 | wow
 41457 | Vaults:1 | rude
 41990 | Vaults:1 | Noticed Zenata
 41991 | Vaults:1 | ?!?!?
 42121 | Vaults:2 | Identified the +3 leather armour of Caatzatt {Fly Slay+3}
 42496 | Vaults:2 | crystal guardian round 2, let's go
 42506 | Vaults:2 | win!
 42506 | Vaults:2 | 116/193 HP left
 42902 | Vaults:2 | Reached skill level 18 in Ice Magic
 43670 | Vaults:2 | Noticed Bai Suzhen
 43671 | Vaults:2 | hmmm
 43676 | Vaults:2 | yeah, doesn't do shit to her
 43722 | Vaults:2 | >no damage
 43722 | Vaults:2 | how do you actually deal with these?
 43722 | Vaults:2 | 14 ac and a level 6 fire spell can't make a dent
 43722 | Vaults:2 | why would anyone ever play a caster?
 44339 | Vaults:2 | me vs crystal guardians 2-1
 44339 | Vaults:2 | 103/196 HP left
 44553 | Vaults:3 | Found Biocyeth's Antique Weapon Shoppe.
 44744 | Vaults:3 | Reached skill level 14 in Fighting
 44758 | Vaults:3 | HP: 32/197 [yaktaur captain (19)]
 44759 | Vaults:3 | HP: 13/197 [yaktaur captain (19)]
 44761 | Vaults:3 | Reached XP level 20. HP: 73/206 MP: 17/39
 46433 | Vaults:3 | Reached skill level 13 in Maces & Flails
 46589 | Vaults:3 | oh, now we're talking
 46658 | Vaults:3 | Found a staircase to the Crypt.
 46876 | Vaults:4 | Identified the +5 chain mail of the Watchman {SInv}
 47690 | Vaults:4 | Noticed Jory
 47809 | Vaults:4 | still no will+ items
 47809 | Vaults:4 | ohh, it hides useless items, okay
 47809 | Vaults:4 | there are two scale mails in the game
 47809 | Vaults:4 | with will+
 48180 | D:2      | Killed Sigmund
 48235 | D:3      | Killed CraftyCompanion's ghost
 48526 | D:13     | HP: 30/206 [tengu warrior/+0 great mace (17)]
 48532 | D:14     | huh
 48925 | D:13     | Killed Skimidon's ghost
 49134 | D:13     | Reached skill level 19 in Ice Magic
 49140 | D:13     | Identified the +1 robe of Immorality {Rampage *Slow rN++
                  | rCorr}
 49141 | D:13     | how about no
 49483 | Swamp:1  | web?
 49483 | Swamp:1  | that's a chaos effect?
 49483 | Swamp:1  | jesus
 49504 | Swamp:1  | Killed hackum's ghost
 49800 | Swamp:2  | Killed Upitte's ghost
 49802 | Swamp:2  | Identified the +4 mace of the Coin {freeze, rElec Int+2}
 50087 | Snake:3  | hmm
 50087 | Snake:3  | doesn't look like a good idea tbh
 50370 | Depths:1 | Entered Level 1 of the Depths
 50373 | Depths:1 | Found Xusypsef's Antique Weapon Shoppe.
 50657 | Elf:1    | Entered Level 1 of the Elven Halls
 50722 | Elf:1    | Paralysed by an air elemental for 1 turns
 50725 | Elf:1    | Paralysed by an air elemental for 1 turns
 50729 | Elf:1    | Paralysed by an air elemental for 1 turns
 50734 | Elf:1    | Paralysed by an air elemental for 1 turns
 51056 | Elf:1    | Reached skill level 16 in Spellcasting
 51243 | Elf:1    | Paralysed by an air elemental for 1 turns
 51794 | Elf:1    | Found Recu Yfa's Antique Armour Shop.
 51851 | Elf:1    | Reached skill level 6 in Dodging
 52075 | Elf:1    | Reached XP level 21. HP: 172/214 MP: 41/41
 53058 | Elf:2    | Found a magical portal.
 53125 | WizLab   | Entered Doroklohe's Tomb
 53126 | WizLab   | um
 53126 | WizLab   | yeah, i think i want out
 53190 | WizLab   | Reached skill level 7 in Dodging
 53482 | WizLab   | Learned a level 1 spell: Apportation
 53486 | WizLab   | yeah, how am i going to kill these guys
 53580 | WizLab   | all this spell training and I ended up bashing things
                  | anyway
 53580 | WizLab   | should've just gone with it since D:1
 53798 | WizLab   | Noticed an ancient lich
 53800 | WizLab   | um
 53800 | WizLab   | uh
 53804 | WizLab   | hmmmm
 53804 | WizLab   | hmmmmmmm
 53804 | WizLab   | man, i wanna try
 53804 | WizLab   | i also want to not use consumables
 53804 | WizLab   | ac/ev 20/10
 53804 | WizLab   | really?
 53804 | WizLab   | i could really use lcs or iron shot...
 53819 | WizLab   | Killed an ancient lich
 53820 | WizLab   | phew
 54683 | WizLab   | i guess dragon talisman was the high roll loot here
 54717 | Elf:2    | Reached skill level 14 in Maces & Flails
 55059 | Elf:2    | Reached skill level 15 in Fighting
 55162 | Elf:2    | Found a runed translucent gate.
 55163 | Elf:2    | Found a runed translucent gate.
 55163 | Elf:2    | Found a runed translucent gate.
 55230 | Elf:2    | hmm
 55230 | Elf:2    | is this a feature?
 55230 | Elf:2    | closing translucent doors destroys your clouds, as if you
                  | lost vision on them
 55333 | Elf:2    | Noticed Donald
 55340 | Elf:2    | Killed Donald
 55715 | Elf:2    | Reached skill level 20 in Ice Magic
 56335 | Elf:2    | Noticed Saint Roka
 56336 | Elf:2    | uh huh
 56336 | Elf:2    | INSIDE hall of blades
 56336 | Elf:2    | sure
 56350 | Elf:2    | Killed Saint Roka
 56387 | Elf:2    | oh please
 56883 | Elf:2    | HP: 40/218 [deep elf blademaster/+0 rapier (17)]
 56894 | Elf:2    | random dancing weapon got 150 HP out of me
 56894 | Elf:2    | why not, right?
 56894 | Elf:2    | AND THEN the blademaster appeared
 56894 | Elf:2    | only then
 56894 | Elf:2    | not earlier, when I was looking for him
 56894 | Elf:2    | typical
 57368 | Elf:2    | XDFxdfsdfsdfsdfsf
 57667 | Elf:3    | Entered Level 3 of the Elven Halls
 58838 | Elf:3    | Reached XP level 22. HP: 227/227 MP: 23/42
 58901 | Elf:3    | Identified the +5 morningstar of Lustiun {flame, rPois rF+
                  | Dex+2}
 58902 | Elf:3    | Identified the +2 broad axe of Cull {freeze, rPois rC+
                  | Str+2}
 58982 | Elf:3    | Identified the +0 halberd of Spite {freeze, *Slow rElec
                  | rPois}
 59014 | Elf:3    | Identified the amulet of the Little Devil {Faith rN+ Str+4
                  | Stlth+}
 59094 | Elf:3    | Reached skill level 21 in Ice Magic
 59262 | Elf:3    | Reached skill level 17 in Spellcasting
 59359 | Elf:3    | polar vortex 10%
 59393 | Elf:3    | Identified the +2 sling "Oni's Regret" {freeze, MP+9 Int+3}
 59400 | Elf:3    | >>>
 59413 | Elf:3    | Identified the +4 chain mail of Magic {rPois}
 59448 | Elf:3    | Got the Compilation of Allied Feathers
 59467 | Elf:3    | Got Practical Hermeneutics
 59468 | Elf:3    | still no lcs or iron shot
 59468 | Elf:3    | or ood
 59468 | Elf:3    | actually orb is in the game
 59474 | Elf:3    | Learned a level 5 spell: Irradiate
 59496 | Elf:3    | do i even need flame wave
 59496 | Elf:3    | seriously
 59609 | Orc:2    | Bought a book of Dangerous Friends for 420 gold pieces
 60267 | Depths:1 | Bought a crystal flail for 221 gold pieces
 60267 | Depths:1 | Identified the +7 flail of Success {antimagic, *Rage
                  | ^Fragile rElec rN+++} (You bought it in a shop on level 1
                  | of the Depths)
 60267 | Depths:1 | uh huh
 60525 | D:4      | Bought a scroll of teleportation for 39 gold pieces
 60525 | D:4      | Bought a scroll of teleportation for 39 gold pieces
 60772 | Depths:1 | Upgraded the game from 0.32-a0-519-g08f29ac1c3 to
                  | 0.32-a0-558-g233958a4c4
 61372 | Depths:1 | HP: 39/228 [spriggan air mage/the air (21)]
 61488 | Depths:1 | i'm 100% dead this game
 61943 | Depths:1 | Found Ciphep's Book Shoppe.
 61951 | Depths:1 | oh right, there's no iron shot as a player spell in the
                  | game anymore
 61951 | Depths:1 | there's bombard
 62184 | Depths:1 | Found a burning altar of Makhleb.
 62303 | Depths:1 | Found a gateway to Hell.
 62444 | Depths:1 | Learned a level 7 spell: Orb of Destruction
 62793 | Depths:1 | Learned a level 8 spell: Ignition
 63038 | Depths:2 | Found a one-way gate leading to the halls of Pandemonium.
 63114 | Depths:2 | Found Gankipn's Antique Armour Emporium.
 63118 | Depths:2 | Bought a runed scarf for 272 gold pieces
 63118 | Depths:2 | hmmmmmmmmmmmmm
 63596 | Depths:2 | Reached skill level 16 in Fighting
 64095 | Depths:2 | Found a one-way gateway to a ziggurat.
 64715 | Depths:3 | Reached skill level 11 in Fire Magic
 64715 | Depths:3 | Reached XP level 23. HP: 118/239 MP: 44/44
 64724 | Depths:3 | Noticed Mara
 64981 | Depths:3 | Noticed Leszczynek's illusion
 64989 | Depths:3 | Killed Mara
 64990 | Depths:3 | Reached skill level 15 in Maces & Flails
 65058 | Depths:3 | T E N A C
 65058 | Depths:3 | 10/12/0 defenses now, oh yeah!
 65260 | Depths:3 | Found a one-way gate to the infinite horrors of the Abyss.
 65324 | Depths:3 | Reached skill level 18 in Spellcasting
 66675 | Depths:4 | Entered Level 4 of the Depths
 66698 | Depths:4 | Found a glowing golden altar of the Shining One.
 66869 | Depths:4 | Reached skill level 14 in Conjurations
 66870 | Depths:4 | Reached skill level 12 in Fire Magic
 67319 | Depths:4 | Identified the ring of Nymnism {Ice *Corrode +Blink Dex+3}
 67319 | Depths:4 | Noticed Josephina
 67320 | Depths:4 | hm
 67326 | Depths:4 | Killed Josephina
 67333 | Depths:4 | no, I don't think I want your ring...
 67615 | Depths:4 | Found Zing's Book Shop.
 67616 | Depths:4 | Found Urphigun's Jewellery Shoppe.
 67616 | Depths:4 | Found Wyxzuenk's Jewellery Shoppe.
 67625 | Depths:4 | it's absurd how many rings i haven't seen this game
 67625 | Depths:4 | no potions of ambrosia anywhere either
 67625 | Depths:4 | did they do something with item generation recently?
 67625 | Depths:4 | i don't know 9 types of rings by the time I'm going for the
                  | 3rd rune
 67625 | Depths:4 | nine!
 67625 | Depths:4 | how does this even happen?
 67629 | Depths:4 | Bought the ring of Adweuvve {rElec rPois Will+ rCorr Str-3}
                  | for 855 gold pieces
 67631 | Depths:4 | oh, lcs
 67631 | Depths:4 | oh, dual school, nevermind then
 67678 | Depths:4 | Noticed a golden dragon
 67696 | Depths:4 | do they really sidestep ood now?
 67696 | Depths:4 | it happens way too often to be a coincidence
 67698 | Depths:4 | Killed a golden dragon
 67907 | Depths:4 | Found a gate to the Realm of Zot.
 68291 | Vaults:5 | Entered Level 5 of the Vaults
 68310 | Vaults:5 | Reached skill level 13 in Fire Magic
 68432 | Vaults:5 | Reached skill level 22 in Ice Magic
 68503 | Vaults:5 | Reached skill level 16 in Maces & Flails
 68503 | Vaults:5 | yes, they sidestep it
 68503 | Vaults:5 | wew
 68503 | Vaults:5 | is that why it's only level 7?
 68693 | Vaults:5 | Identified the +3 leather armour "Muothaar" {rC+ Regen+
                  | Dex+2 Slay-4}
 68799 | Vaults:5 | Noticed a golden dragon
 68805 | Vaults:5 | Reached XP level 24. HP: 241/248 MP: 37/45
 68824 | Vaults:5 | HP: 38/248 [yaktaur captain (19)]
 68832 | Vaults:5 | HP: 47/248 [stone giant/large rock (18)]
 69169 | Vaults:5 | Reached skill level 14 in Fire Magic
 69753 | Vaults:5 | Reached skill level 8 in Dodging
 69830 | Vaults:5 | Noticed a dread lich
 69886 | Vaults:5 | Killed a dread lich
 70168 | Vaults:5 | Learned a level 3 spell: Passwall
 70175 | Vaults:5 | Reached skill level 15 in Fire Magic
 70245 | Vaults:5 | Reached skill level 1 in Earth Magic
 70263 | Vaults:5 | Noticed a dread lich
 70269 | Vaults:5 | Killed a dread lich
 70285 | Vaults:5 | Reached skill level 17 in Fighting
 70339 | Vaults:5 | how do people play this shit fast?!
 70339 | Vaults:5 | i have no clue
 70463 | Vaults:5 | Found Zerch's Distillery.
 70484 | Vaults:5 | Reached skill level 2 in Earth Magic
 70536 | Vaults:5 | Found Plog's Distillery.
 70541 | Vaults:5 | Found Homar's Distillery.
 70549 | Vaults:5 | Bought a potion of might for 84 gold pieces
 70549 | Vaults:5 | Bought a potion of cancellation for 168 gold pieces
 70549 | Vaults:5 | Bought a potion of might for 84 gold pieces
 70549 | Vaults:5 | Bought a potion of heal wounds for 105 gold pieces
 70603 | Vaults:5 | Bought a potion of haste for 120 gold pieces
 70603 | Vaults:5 | Bought a potion of haste for 120 gold pieces
 70868 | Vaults:5 | Reached skill level 9 in Dodging
 70997 | Vaults:5 | Reached skill level 3 in Earth Magic
 71530 | Vaults:5 | the one game I don't put anything into Evocations I find
                  | all evocables
 71530 | Vaults:5 | no wait, still no condenser vane
 71862 | Vaults:5 | Identified the +5 arbalest "Usu Gock" {elec, ^Fragile rCorr
                  | Int+4}
 71932 | Vaults:5 | Got a silver rune of Zot
 71952 | Vaults:5 | Reached XP level 25. HP: 241/242 MP: 20/45
 72119 | Vaults:5 | do i do slime too?
 72119 | Vaults:5 | 10/13/0
 72119 | Vaults:5 | probably not, i guess
 72460 | Zot:1    | Entered Level 1 of the Realm of Zot
 72478 | Zot:1    | Reached skill level 16 in Fire Magic
 72478 | Zot:1    | Reached skill level 4 in Earth Magic
 72520 | Zot:1    | Reached skill level 18 in Fighting
 73118 | Zot:1    | Reached skill level 17 in Maces & Flails
 73861 | Zot:3    | wait, no PoG in the game?
 73861 | Zot:3    | wow
 73982 | Zot:4    | wow what the fuuuuuuuuck
 73987 | Zot:4    | Reached skill level 1 in Evocations
 73994 | Zot:4    | Reached skill level 2 in Evocations
 74107 | Zot:4    | Reached skill level 3 in Evocations
 74324 | Zot:4    | Got the Excursus on Caskets and Transformation
 74470 | Zot:4    | Reached skill level 4 in Evocations
 74771 | Zot:5    | Entered Level 5 of the Realm of Zot
 74775 | Zot:5    | Reached skill level 18 in Maces & Flails
 74775 | Zot:5    | Reached skill level 5 in Evocations
 74800 | Zot:5    | Reached skill level 6 in Evocations
 74831 | Zot:5    | how to deal with ghost moths
 74831 | Zot:5    | just polar vortex them blind lmao
 74831 | Zot:5    | *may not work in spider
 75352 | Zot:5    | WHAT MISCAST YOU FUCKING PIECE OF SHIT
 75352 | Zot:5    | VERY FUCKING FAIR TO KICK IN AT THIS SPECIFIC TIME
 75353 | Zot:5    | Reached skill level 7 in Evocations
 75354 | Zot:5    | HP: 51/265 [green draconian monk (12)]
 75362 | Zot:5    | HP: 53/265 [something (7)]
 75365 | Zot:5    | EXTREMELY DURABLE GHOST MOTH SURVIVING POLAR VORTEX AND TWO
                  | REFRIGERATIONS
 75365 | Zot:5    | i fucking love this bullshit rng
 75842 | Zot:5    | Reached skill level 8 in Evocations
 76033 | Zot:5    | Reached XP level 26. HP: 261/274 MP: 36/45
 76139 | Zot:5    | Noticed an orb of fire
 76143 | Zot:5    | Noticed an orb of fire
 76146 | Zot:5    | Killed an orb of fire
 76147 | Zot:5    | Reached skill level 9 in Evocations
 76421 | Zot:5    | Gained mutation: Armour fits poorly on your strangely
                  | shaped body. [an orb of fire]
 76421 | Zot:5    | Gained mutation: Your body sometimes deteriorates upon
                  | taking damage. [an orb of fire]
 76427 | Zot:5    | Noticed a Killer Klown
 76428 | Zot:5    | Killed an orb of fire
 76483 | Zot:5    | Noticed an ancient lich
 76486 | Zot:5    | Killed a Killer Klown
 76489 | Zot:5    | Noticed a Killer Klown
 76490 | Zot:5    | Killed an ancient lich
 76491 | Zot:5    | Reached skill level 10 in Evocations
 76549 | Zot:5    | Killed a Killer Klown
 76817 | Zot:5    | Noticed a Killer Klown
 76955 | Zot:5    | Killed a Killer Klown
 77023 | Zot:5    | Noticed an ancient lich
 77289 | Zot:5    | Noticed a dread lich
 77320 | Zot:5    | Noticed an orb of fire
 77325 | Zot:5    | Paralysed by a dread lich for 5 turns
 77326 | Zot:5    | HP: 30/274 [???[a dread lich] (28)]
 77327 | Zot:5    | Killed from afar by an orb of fire

Illustrated notes #≈ #≈ #≈ ##≈## ##.~.## ####....~####.S ≈≈≈≈~.∩..≈≈≈≈~. #...@~# ##..~## ##~## #~ #~ #~ .. .. Turn 2352 on Sewer: wow ♣≈.# #.).# #.≈♣ ♣≈#####+#.).# ##≈♣ ♣≈#..gg #.).# ≈♣ ♣≈#ßg.. ##)## ≈♣ ♣≈#..gh##.).## ≈♣ ♣≈ gg.##..)..## ≈♣ ♣≈ .h#.......# ≈♣ ♣≈###'#...ß.).# ≈♣ #..@#.......# #...##.)...## #....##.).## ♣ ♣ #ß....##)## ≈♣ ♣≈#.....#...# ≈♣ ♣≈##....))..+ #≈♣ ♣≈.##...#...# ##.≈♣ ♣≈..#####...#####..≈♣ ♣≈.................≈♣ Turn 6448 on Bailey: this might be a problem #....... ##....... ......... ############# )#####..# ##...........# .#$#.#..# #..~~≈≈~~≈~~.# .#$#.+..# ##..~≈≈≈~≈≈≈≈.# .#$#.##<###...~##'÷'##≈.# .#$#○#...##.#.~#)))))# .# .#$#☼#.#.##.#.~#@...># # .#.#☼#.#..#...~####### .#.#.#.##.#..)~~~~~~~ .#.#.#............... .#.#.#...........#### .#.#.#.............. .#.#.#............## .#.#............# °#.#............# Turn 6866 on D:7: that was a pretty damn weak bailey ### #...# #.#.# ##.#.# ##..#@# #..ß#.# #.###.##### +..∩..+.# ###.###.# #### ##. ##.#ß..# .... .....#'#..## # ...#####......# .# #.......####.## ###..## Turn 7399 on D:7: great shop #.#.# ##.#.# ######## ##..#'# #......# #..ß#.# #......# #.###.### #......# #.'..∩..+ #......# #.###.### #......########..##.#ß. #.....@...........#'#.. #......##...#####...... #...(..####.......####. ######## #.......####. ##............ ##............. ##......>....... ###>.#........>..# #................. Turn 7425 on D:7: nothing i could even use ....>........ .....# #.....$....(.# #####...# .......#....# #...#...# .......#....####...#...# #########.......#†..........'.... ........#........†......#...##### ........# #.#.##........#...# ........# #.#.##†.......#...# ........###.#...@.......#...## ..............###.......#....# ................+.......#....# ..............###.......#....# ..............# ##..#####....# ####..........####..## #....# #.................# #....# #.................# #....# ########..........# #....# Turn 8006 on D:8: wew .. #. .. #. #< #. ############# ##.########...........# #.........'...☼☼......# ###########.@..○○.....# #....○○.....###### #...........##...## #........>......... #.###............# #.# #.......#....# #...'.......#....## ##########.......#†..... #........#........†..... Turn 8055 on D:8: it works with meph cloud too #.<# ##.# #.# #.# #.# #.## ##..## #§v§.## #...@.### ##..)v..##### ###.§#........ #.........## #.....##### #...#..# #...?......# #..##...#..# #. ##..##..# Turn 8379 on D:9: wait, that's inner flame, not sticky flame #. #... #+# ... #.# ##. ###.. BB. ... #...##.... #y# .... ....#.....♣#W#♣..... ###.......♣..@....... .. #...... #.........#.. ... .......##.)..#...## .... ........##.####### #.<.. ............########.... #...#......)......... ##....).....).....# #...............### #..#....).........# Turn 10312 on D:11: uhhhhhhhhhhhhh #...#......[.........#... ##....[.....).....### ##. #...............### . #..#....[.........# ####...........!..# ##........###$..# #........## #.[.... ##...†.#..# ...... ##.@†....# ..)[.. ##......... ..$... ##...##... .... ##.#.....$ .... ####..... ### Turn 11003 on D:11: ok, so lignification works as a last resort .## #.# #.# #.# ..# #.# ##.# #.# #.###'## #..# #.# .......# #.## #># ..)....# ##.###### ###'### .......# #.......# ##.....# .......# #.......###...+.<...# ...^...# #...........# #.....# .......#####....@..##### #.....# .......##..........# #<....# .......'..##.<.....# #.....# .......#####.......# #.....# ######## ####.#### ###'### ##.# #..# #.. ##.# #.# #.# #####.##### ###.### Turn 12629 on D:12: oh, flame wave synergizes with acrobat ..#.............. .))..o........## ....#. .. #. #)..).......#.## #....##... ...##..#..)....)...# ##......... ..................####.......... ..................#.##.....#.... #.#$............................ #....#......................>. #.............@................ ##.#..........#................ ##...#.......##....#.......... #...#...##.###............... ##.#...##...#................ ####.####.###............... ## #.. ##....##........ ... ##....##.....#^ ###.##...#.#.. Turn 12813 on Orc:1: olgreb makes orc into a joke, as usual ............. ####............. .ß................ .................. o.o............... ...o.............. .ßo............... ####.............. ##...@.......... #............... ##.............. #...........#.. #.. . #.............. #..... #####...........#.# ....#. #...........#$..# . .#.... ##...............# ......##.................. Turn 13378 on Orc:2: wait wait ...)... ##......... #..o))# #.o........ #.[...# ##......... #ß.[)ß# #......... #..)..# #......... ####..).)# #####......... ##....[)#.###...........#$ #....#.)[..##............. #.......[@##.............. #....##.....#....))........ ##.#####...[.....#........# ## ####..[.#.#.......## ## ###.)..#.....#...## .## #.#...##....######## ..# ####.#.###...## #.... ..## ##.....#####.## ###.... ...### #...[..<.##### ##.#.... Turn 13838 on Orc:2: nice #......).. .e.... .##.....#..##.....# ......^.#...)..D..# #................+ #.........###..+ ##.......##.... + ##....p...##..## #..........#.## #.......@....# ...<.......#### ###.....e.## ####.E.## ##... .... ...... ....... #....... Turn 14466 on D:13: okay, that's a REALLY bugged targetter ...........'........# ##.#########........# #.# #.......)# #.# #........# #.# #####'#### #.# #.# ##.# #.# #..# #.# #.## #@# #.###### ###'### .......# ##.....# .......###...+.<...# ...........# #.....# .......##### #.....# .......# #<....# .<.....# #.....# .......# #.....# Turn 14468 on D:12: really really ##.#.....## .######<........# ...#.#.........# ..............# .............# .............# ............## ............# ........@..## ..........### .......)### #./....).. . #.....#O### # .. ##.....e..# )#... #......).. .e.... .##.....#..##.....# ......^.#...)..D..# Turn 14607 on D:13: oof ..........# ##.#.....## .........######<........# ..........)#.#.........# ......................# .....................# .....##..............# .....##.............## .......>............# ................@..## ..............[[.### .............[[### ## .....#......[..# ##.### #.#..#...D.#.#######....# .######........##)#...... .#####......)..#......# ....##.....#..##.....#### ## .........^.#...[.....#..### ##.# Turn 15878 on D:13: uh #..##.......#.#.#.#.#..####..##.. #.....B....##.#.#.#.##...##.....< ###...#....#.#.#.#.#.#...#..####. ##.##...##.#|#.#.#.##.....##### ###...#...#...........#.......### #..#.##..##..###.###..##........# ......#..##.#.#..)#....#......... #.......###.#.##.##....##........ ##...#..# # ##.#@#......#.....>.# #.....## #.###......##....... #.....# ##.#........#....... #....## #.#........##..#... ##...# .#......... #.###.. ###.# ##.......... #...#.. #..#####################...... #............................. ##......###........##...#.###. Turn 16355 on D:13: huh ......#.†...###... ## ##......##.#††## ###. ..##.......####..## #.. ............###...###... ........P##...#....#..## #.#..............P..# ..#.......P.........## P........#P.#..#.....# #......@###..##...##..## #.............#.### #... .........#.....## ... ...#..........## .## ..............# # .#.............# ##...##....#...# ..... ##......## ..... ..###..## Turn 20264 on Lair:3: surely i will find amnesia soon, right? XD ###.P#####.................## .. #.#...#..##.###......####..# .. ...........# ###P.### #..# .. ....#.......# ##.## #..####.. ##..#.......#####...# ##...#.... #............#.###..####P........ ##...^....#P...###...##P.......## #.......###..PP.h.........#..## ##......P# ##...@P##.#..####P.### .........###...#h#####.## ##..#. #.......#......### #P.# #.... .............#...# #...# ##..>. ..####..#######.....#.#. #...## ### #..# ...#### . #†.## # #.#.. #### # ..### # ##.### #.# # ## Turn 20612 on Lair:3: yikes .....................### .....=..............## ...#..+#.#.........####. ....#...#.#.........#.. ...##P..###P.......#.. ...###.P# ##......#.# ...#PP..# #........### ..+...... #P.........# ...##.P..###....@....## ..## ..###...........# ...# .#...##..........## ....#..+.#.#...........# .......................# ......................## ......................# .....................## .....................# Turn 22521 on Lair:5: there's a funny bug that might not have been fixed on this server yet, so I'm not updating my game today ##...## #............. ##..# #............. #.## ## #.......÷..... ##.# ##≈# #...........## ##.P# ≈≈# ###.P###....... #~.## #≈###....###....... #..# #..###.#........... ##..### #..~###............ ##~...P###.@.####........... #......~##...~###........... #...♣♣...##...#............. #..P~P♣...#♣.P###...P...÷... #..P♣.♣♣......####..##...... #.~.♣.###....~#.##.......... #.~♣♣.# ##..P###......#..... #~...~# #######.....#...... ##~...## #......#÷..... Turn 23297 on Lair:2: rough ##...## #............. ##..# #............. #.## ## #.......÷..... ##.# ##≈# #...........## ##.P# ≈≈# ###.P###....... #~.## #≈###....###....... #..# #..###.#........... ##..### #..~###............ ##~...P###.@.####........... #......~##...~###........... #...♣♣...##...#............. #..P~P♣...#♣.P###...P...÷... #..P♣.♣♣......####..##...... #.~.♣.###....~#.##.......... #.~♣♣.# ##..P###......#..... #~...~# #######.....#...... ##~...## #......#÷..... Turn 23425 on Lair:2: very rough, i can't do shit ##......## #................. ##......### ##................. ##.......###.................. ###..[....................... ##......................... ###....................... ##...................... ##.......##............ ##...@.####........... #.....# ###......... ##....### ##........ ##.....## ##....... ##.....### ##...... ##......# ##...... ##.....###....... ##.....##....... ##.....#....... Turn 23754 on Snake:1: gotta switch to fcloud ....## #....# ###...... ....## #....####......... ....÷## .....#............ ......## #................. #...[..### ##................. ##.....÷.###................... ###..[......................... ##............................ ###...†.....@................ ##......................... ##.......##............... ##...<.####.............. #...†.# ###............ ##....### ##........... ##.....## ##.......... ##.....### ##........# ##......# ##........# Turn 24175 on Snake:1: and it seems there's one even sillier bug so it's good I didn't update the game ......... ......... ##ß....∩....ß ...........#ß........... ...........#............ ......... ...#.∩..ß..∩.#.. ......... #.............# .......... #ß...........ß# ........... #ß....∩....ß# . ............##ß.@.....ß# .. .............##ß..#..ß##..# ..............##ß...ß##..# ...............###.###..# .................#......# .......................## ......................## ......................## #.. .......................###... Turn 24724 on Snake:1: surely these shops will be better S.. ###.### .......... ##ß...ß## #......... ##ß..#..ß## #......... ##ß.......ß## #......... ##ß....∩....ß## . #...........#ß...........ß# .. ............#.............##.. ..............#.@..ß..∩.#..... ............#.............#.. ........... #ß...........ß# ............##ß....∩...)ß##. .............##ß.......ß##.. ..............##ß..#..ß##..# ...............##ß...ß##..# ................###.###..# ..................#......# Turn 24765 on Snake:1: not really .. .. .# .# .#### ... #.### #@..# #S....# ........# ##.......# ##......# ##.....# ###..## ### Turn 25433 on Snake:2: bazaar ##.......## #....∩....# ##.......## ###...### #...# ##### # ###...### ##...### ####.......####......## .......∩.........∩....# ####.......####.@....# # ###...### ##...### #m..# ##### ###...### ##.......## #....∩....# ##.......## ###...### ##### Turn 25611 on Bazaar: that's it? ###...## ###...### ##...### ##......####.......####......## #....∩.........∩.........∩....# ##......####.......####......# ###...## ###...### ##...### ##### #...# ##### ###...### ##...m...## #....@)...# ##.......## ###...### ##### Turn 25626 on Bazaar: great shopping .?## #. .... ##... . .... ....#. ....# ..S.. .(... ...#...^ ##..#.. .# #.i..#..##. #..@....... ##......... ........... ###....#.... #.S..# .## #....# # #....# ###... Turn 27242 on Snake:3: ugh ####.....###..###.......~~~~~~~~~ # #....###...###.......~~P~.~P~~ #.....##.....###......~.....~.. #....###......##........)...... #...###.......###.............. ##.###.........##...........##. ..###.........#######.###.#### # #..............# ###.####.#### # #..........÷..@####...##.....## ## #...........i#.#.............. .###..#...........÷.............. ..#..###.#....###................ ......#..##..####...............# ........# #..# #...............# ........##... #.#............## .###.........#####...........## .##.......##..#.##..#####.....### Turn 27244 on Snake:2: right ##..###...## #...# ##......# #...# ###.# #.#..# #......## ....# ####.###.###.......# ....## ## #.##.......## .###.### ##.#######.# .# ##..############# #.## .# #..#.#..≈§§≈##.#####.# ## #..#.#.≈≈≈§≈.#...##.## # ##......≈≈§≈@#......# # #.#.#..≈≈≈≈.#......### ## #...^..≈≈≈≈##........## .### #.##########.......##.# ...###...##..####......###.# #[....).....##.##......# #.# #.......## ##.......## #.# #[.#....# ##.##.!.## ### )###....# #..###.## Turn 27550 on Snake:2: i really should have used this staircase instead .. .. .. .. # ### ## #. ..## # ...# ...## ..... .N..# ......##....# #....S@N...# .....#......# . #.S .N........# .. # .>NN.###N>.## ... ###...# ...# #.. ..N#... ..# #... .N..... .# ..#N..##....[.. .# .NN.(..<.NN.... Turn 27552 on Snake:3: or maybe not? ..##..###...## #...# ##......# ..#...# ###.# #.#..# #......## .^....# ####.###.###.......# ......## ## #.##.......## ...###.### ##.#######.# ...# ##..############# #.## ...# #..#.#..≈≈≈§##.#####.# ..## #..#.#.≈≈§§§.#...##.## ..# ##......≈≈@§§#......# .## #.#.#..≈§≈§§#......### ..## #...^..≈≈≈≈##........## #..### #.##########.......##.# ##...###...##..####......###.# ###[....).....##.##......# #.# ###.......## ##.......## #.# ..#[.#....# ##.##.!.## ### ..)###....# #..###.## Turn 27656 on Snake:2: can i stairdance this? ##...##.#........>...##.♣ P~≈≈≈ ###......###..☼☼☼§☼..)...#♣♣~≈≈≈≈ .......#.###...§§○.(.#....♣~~≈≈≈≈ ###....##.###..§○§..###...♣~P≈~≈≈ ###...###.####.°§○.###.....~~~~~~ .##...##.#..####°####......~~~~~~ ..#.........#§☼#○○.........~~~~~~ ...####.....###§○###.......~~~~~~ ..## #....###☼§@###.......~~P~.~ .## #.....##○☼°○§###......~..... .# #....###○○§☼°☼##........)... .# #...###§○§§☼☼☼###........... .# ##.###§☼§§☼○○°°##........... .## ..###○§§☼☼○§§☼#######.###.# ..## #...☼§§☼°§§☼○§§# ###.####.# ...# #...☼§○°☼☼§§☼.○####...##.... ...## #............#.#........... Turn 29212 on Snake:2: see, now that I have some distance, it's super easy ≈§########§≈§...## ##.## ##.:## ###......###≈§≈..## #.# ##.## #........§§##≈≈≈..###.# ##..## ..)...)..§§§##≈≈≈..##.# ###..... ...######§§§§##§.§..######....... .### ###§..##≈≈≈..##.......... ## ##)..##≈≈...#.........# ##...#≈....##........# #...@.....###......## ############.......## #.....####... ##.#...####.. #.##..##...# #..##....##. #..##.#####. ##..#.# #. ##..## ## Turn 32366 on Snake:4: got eringya's ~~~~....~♣~~~~. .~~......♣.~~~. .....~~.....~~ y..~~~~~~~..♣♣. ~~.~.~~~~~~.~.. ~~...~~~~~..... ~..~~~~...~...# ..$~n~.@...~..# .:.~~..♣~..~..# ~..~~.~ ♣♣♣.... ....... ♣.. ~~~~~.. # ~~~~~.~ ~~~.~~~ ....~~~ Turn 33379 on Swamp:1: well what now ♣.../..............♣♣♣♣ .~..≈≈≈ ♣......##....#...§.♣..~♣♣♣>~§≈≈♣ ♣................♣♣♣.§~~..~§.... ..........##..#.#.♣♣♣♣†~~~~.~~~§. .~.~..#...##....#..~...~~§...~~.. .~~~..........#.#...~~~~~..~~~..§ .~~~~~..##........~~~~~~~..~~.♣♣~ ~~~~§~...###.........~~~~~~~.~♣ ...)...@~§~~.~~§~~§.♣♣♣ .♣♣~~~..~~~~.~~~~~~~~.♣ .~.~~~.~~§~~.....~~~~~♣ ...~§~~♣.~~.~>.~~.~..♣♣ ♣♣....~♣~~♣♣♣...<..♣♣♣ ♣.~..~~♣♣♣ ♣~.~~~♣♣ ♣.~.~♣♣ ♣♣~♣~♣♣ ♣♣.~! ~♣♣~~~ ♣ .♣ ♣♣~♣♣ Turn 35695 on Swamp:3: huh #~~~~~~.♣ #~~~~~~~♣♣♣ ##~~~~~~~~~♣♣ #~~~~~~~~§~. ##§~~..~§~§. ##.~~~.♣.~.♣♣ ##.~~~~..~~.~♣.. ###~~~~~~..~~~.... ###~~.<~~~~~@.~~~~X. #.~..~..♣.~~~.~~~~.~ ~.~♣~♣♣♣♣♣♣~~.~.~.~♣♣ ♣ ♣ ♣..♣♣♣♣♣♣♣ ♣♣♣♣ Turn 36268 on Swamp:4: uh #~~~~~~.♣ #~~~~~~~♣♣♣ ##~~~~~~~~~♣♣ #~~~~~~~~~~. ##~~~..~~~~. ##.~~~.♣.~.♣♣ ##.~~§~..~~.§♣.. ###~~§§§~..~~~.... ###~~.@§X§§~~.~~~~~. #.~..~.§♣§~~~.~~~~.~ ~.~♣~♣♣♣♣♣♣~~.~.~.~♣♣ ♣ ♣ ♣..♣♣♣♣♣♣♣ ♣♣♣♣ Turn 36278 on Swamp:4: hmm ....##..#.#.♣♣♣♣.~§~~.~~~§.♣ #...##....#..~...~~~...~~..♣ ........#.#...~§~~~..~~~..§♣ ..##........~~~~~~~..~~.♣♣~♣ ...###.........§~~~~~~.~♣ ♣ ...........~~~~.~~~~~~.♣♣♣ ~~..♣♣~~~..~~~~.~~~~~~~~.♣ ....~.~~~.~~~~~.....~~~~~♣ .~....~~~~♣.~~.~@.~~.~..♣♣ ..♣♣♣....~♣~~♣♣♣...<..♣♣♣ ~♣♣ ♣.~..~~♣♣♣ ♣~.~~~♣♣ ♣♣ ♣.~.~♣♣♣ ♣♣~♣~♣♣ ♣♣.~.~♣ ~♣♣~~~ ♣ ♣♣§.~♣ .♣ ♣♣~♣♣ ♣ ♣♣.♣♣ ♣♣ ♣ ♣~♣ ♣♣♣ Turn 36280 on Swamp:3: hm ~~~♣~♣♣...~~..~.~~~♣♣ ~~~♣♣♣~.~...~~~~~~..♣♣ ...~♣♣.......~....♣≈≈♣♣ ....♣♣~~~~~~♣~.~♣♣≈≈≈≈♣♣ .....♣~~~~~.♣♣♣♣~♣≈≈≈≈≈♣♣ ..##....§.~♣♣♣~~♣≈≈≈≈≈≈≈♣ ..#.....~♣♣♣♣~..♣♣≈≈≈≈≈♣♣ ..........♣♣♣♣..~..≈≈≈♣♣ ...#...~.♣..~♣♣♣@§~≈≈♣♣ .......♣♣♣.~~~..~~....♣ #..#.#.♣♣♣♣.~~~~.~~~~.♣ #....#..~...~~~...~~..♣ ...#.#...~~~~~..§~~..§♣ .......~~~~~~~..~~.♣♣~♣ #.........~~~~~~~.~♣ ♣♣ ......~~~~.~~~~~§.♣♣♣ ♣~~~..~~§~.~§~~~~~~.♣ Turn 36364 on Swamp:3: this is going to be a pain in the ass ~.~..~...~....~.. ### .~.[...~...~...~.. ##~. ....~.~§~.§.§~...###♣~.. .^....~~...§~~..##~~~[~~ .~...~.§.§~...♣##~##[~.~ ~.~.....|..~.♣ #~~#∩##♣. ~..~~..~.....♣#♣.~.#~##~ ~...~..~~§...##~.~.#..## ...~..~@~.~~.#♣...~##~.# ~...~...~~~~.#~~~~.♣#~~~ .§~.......~~#..~~~~~##♣~ ~..~........#.~~♣~~..##~ ~.......X~~~#§...~~~##♣~ ~.~....~~..§#~~~~♣####♣~ ......~~.~~)#~~♣###.~#.~ .~.~..~...~.#♣♣##...~)#♣ ~~..... #######~## Turn 38191 on Swamp:4: this shit again ..§..~.?~.~~~~~ .§§~~.~..~~.~....~ ..~.~..§...§....~.. ## ..~.[...~...~...~.. ##~ .§....§.~~~.~.~~...###♣~. .§~.^....§~...~~~..##~~~[~ ♣....~...~.~.~~...♣##~##[~. ~.~~~.~...@.|..~.♣ #~~#∩##♣ ♣~.~~..~~..~.....♣#♣.~.#~## ♣...~...~..~~~...##~.~.#..# ♣......~..~~~.~~.#♣...~##~. ♣♣~.~...~...~~~~.#~~~~.♣#~~ ♣♣.~..~~.......~~#..~~~~~##♣ ♣~..~~..~........#.~~♣~~..## ♣..~~~........§§~#§...~~~##♣ ♣..~~§.§....~~..§#~~~~♣####♣ Turn 38217 on Swamp:4: this sure looks like lucky rolls ~~~♣♣♣#∩~.~∩#♣♣♣~~~~♣#~~~~~~~♣♣♣ ~.♣§...#~.~#.~..♣~~♣##~§~~~~~~§♣♣ .~.~~.♣#...#♣..~.~.♣#~~~~~~~~~~.. ♣~~~~~♣#~..#♣§~~~~♣##~~~..~~~~... #♣.~~~♣##.##♣~~..♣##.~~§.♣.~.♣♣<. ##♣~~.~~#°#~~~~~♣##.~~~~..~~.§♣.. ♣###♣~~~###..~♣###~~~~~~..~~~.... .~~###~~~#~~~###~~.<§~~~~~.~~~~~. ♣~...#########.~@.~..♣.~~~.~§~~.~ ......~~~...~.~♣~♣♣♣♣♣♣~~.~.~.~♣♣ .....~~~~~♣♣♣♣♣♣♣♣ ♣..♣♣♣♣♣♣♣ ........♣♣.♣♣ ♣♣♣♣ ~~..~..♣~.~.♣ ~.~.~..~~..♣♣ .~..~~~..♣♣♣ ~♣....~~..♣ ♣♣♣♣..~...♣ Turn 38467 on Swamp:4: literally nothing with will+ #.#.....#.## #.......#.# #.. ..#.....#..# ##.p## #....)..#.# ##....## #.#..).∩#.## #......## #.#.#.#.#.# #..$....## #.#.#.#.#.## #........# .#.#...#.#.# #......).. #########'#####@# #.......# #.......# #(......# #.......# #.......# #.......# ######### Turn 38755 on Vaults:1: 52% mark ###### #.... #... #..# #.@# #### Turn 38969 on Vaults:2: :( #...........# .....# #..#######..# .....# #. #).. #..# ......# # #... #..# ....# #§.9 #..# §§o #..# ###§###..# #§§§§§☼..# #§§§§9@..# ###+###..# #..# #..# #..# #..# #..# ...# Turn 39261 on Vaults:2: and how am i supposed to kill this ########### #.........#### #..)......#..# ......# #..###''###..# .....# #..#.........#### .....# ####....))...#..# .....# #..###''###..# #....# #..#...@.....####....# ####.........#..#....# #..###''###..#....# #..#.........'....# ####.........#....# ######'#########....# #...........# .....# #...........# .....# #..#######..# .....# Turn 39618 on Vaults:2: no blinks again ######'#########....# #...........# .....# #...........# .....# #..#######..# .....# #. #).. #..# ......# # #... #..# ....# #..9 #..# ?.o #..# ###'###@.# #..§§§o..# #...§§§§.# ###'###..# !. #..# #. #..# # #..# #9.# #..# Turn 39651 on Vaults:2: and what about that? ########### #.........#### #..)......#..# . #..###''###..# #.@#.........#### ####....))...#..# #..###''###..# #..#.........### ####.........#.. #..###''###.. #..#......... ####......... ######'######## Turn 39676 on Vaults:2: maybe i should just enchant a giant club ..# ..# .# ### #.# ..# ######## ..# #......# ..# #..9...# ..# #.Q.@..# ..# #......# ..# +......# '#### #......# ....# ######## ....# ....# ....# ....# Turn 39792 on Vaults:1: you HAVE to be kidding me ### ..# ###.# #)#.# #######.#.########### #...#.#...#.........# ###.#.###.#.........# #........@'.........# #)#.###.#.#.........# #.#.# #.#.#.........# ##### ###.#..)......# #.########### #.# ~@~.....# +######## Turn 40111 on Vaults:1: btw a crystal guardian completely mangled me ### ..# ###.# #)#.# #######@#.########### #...#.#...#.........# ###.#.###.#.........# #.........'.........# #)#.###.#.#.........# #.#.# #.#.#.........# ##### ###.#..)......# #.########### #.# Turn 40114 on Vaults:1: so I was down 120 HP and it was barely scratched ############### #.............# #.#####.#.###.# #@....#.#.#)#.# #.#########.#.#### #...#...#.#...#... #.#####.#.###.#... #...#.........'... #.###)#.###.#.#... #.# #.#.# #.#.#... #.# ##### ###.#..) #.. #.#### Turn 40172 on Vaults:1: uh, how do I get out of here #.....# #....)# #.....# . #.....# ..#.....# ..'.....############ #.....#..........# . #.....#..........# ..#....@#..........# ..'.....'..........# #####.....†..........# .........#..........# ........+..........# $.......######'######### ........# #.......#.... ........# #.......'.... # ##########'#######.......#.... Turn 40442 on Vaults:1: >52% polar vortex #### #∩.## #.@.######### ##...##.....####### ##...##....#...... ##...##...#...... ##...##.)#...... ##.'#...#...... ###....#...... #.....'.....) #......#...... Turn 40924 on Vaults:1: 18 scrolls of teleportation for the trove - no way ######## ......# # ....p# # p..p# # ...# # ..# # #'# # +@+ ######## # #+#######>.....# # #.......'......# # #.......'......# # #.......'......# # #.......#......# # #.......#......# # ###'#####......# # ##.## ###++##### Turn 41457 on Vaults:1: wow #.# #≈≈~~~≈≈# #.(##~~...~~##..# ##.a(~~.....~~≈..## ## ..≈≈(.##.##.~≈≈..## .# #≈~..#.$.#..~≈# .# .# #. #≈~...$I[...~≈##.# .# #..#≈~..#$Y)#..~≈#..# .# #..≈≈~.##.##.~≈≈..# .# ##..≈~~...@.~~≈..# .# #..##[))..~~##..# ## #. ##≈≈)~~≈≈###.# #.##..≈≈≈≈≈..##.# #......###......# ##########'##..#..###### ...........###...## ######## ...........# ##### #......# ...........# #......# Turn 41991 on Vaults:1: ?!?!? ######################## #....................... #....................... #.................[..... #............9..[....... #.........######'#...... #.........#......# ..... #.........#...@..# .... #.........#......# ... #.........#.<....# .. #.........#......#... . #.........#......#..# #.........########..# #...................# #...................# #...................# Turn 42496 on Vaults:2: crystal guardian round 2, let's go ######################## #....................... #....................... #.................[..... #...............[....... #.........######@#...... #.........#......# ..... #.........#...)..# .... #.........#......# ... #.........#.<....# .. #.........#......#... . #.........#......#..# #.........########..# #...................# Turn 42506 on Vaults:2: win! ............................. .........................#### .......................###... ##................###..... #................#....#'' #................'....'). #.......########.#....'.. #.......#......#.#....#'' #.......@......#.###..... #.......#......#.. ###... #.......#......#.. #### #.......#.d....#.. #........#......#. #.....[..#......# ........#..>...# ........#......# Turn 43671 on Vaults:2: hmmm #........#.### #.....<..#...# #........#.... ############........#.... ....................##### ......................... ......................... .......................## ##...@............###. #................#... #................'... #.......########.#... #.......#......#.#... #.......D......#.###. #.......#d.....#.. ## #.......#D.....#.. #.......#......#.. Turn 43676 on Vaults:2: yeah, doesn't do shit to her #........)######'#....... #.........#......#....... #.........#...)..#....... #.........#......#...)... #.........#.<....#....... #.........#......#....... #.........#......#..##### #.........########..#.... #.......@...........#.... #...............)...#.... #...................#.... #...................'.... #.............[.....#.... #..§................[.... #.§§D...............#.... #.§§#############...#.... #§.§# .... #...#.... Turn 43722 on Vaults:2: >no damage

.........................########
.................................
..............................###
............................###..
.#########................###....
.#.......#................#....#'
.#.......#................'....')
.#.......#.......########.#....'.
.#.......#......@#......#.#....#'
.'.......#.......'......#.###....
.#.......#.......#......#...###..
.#.......#.......#......#.....###
###'#'#'##.......#......#........
#...#...#........#......#........
#.......#.....[..#......#........
#.......#........#..>...#........
##..###.#........#......#........


Turn 44339 on Vaults:2: me vs crystal guardians 2-1 ##..# ####
#########+##++########## ..........^............. ................@.......
........................ ........................ #######'################
#.........# #.........# #.........############ #.........').........#
#.........#..........# Turn 46589 on Vaults:3: oh, now we're talking
#...############### #.................. #.....)............ #..................
#.................^ #..............[... #.................. #...###############
#.@.# #...# #...# #...# #...########### #...#.........# #...#.........#
#...#.........# #...#.........# Turn 47809 on Vaults:4: still no will+ items
.#..........#....#.....# #... ##..........####'#.....# #...
......##'#.............# #... ......#..#.............#######...
......#..#........##'#....#..#... ......#..#........#..#.<..#..#...
.....##..#####....#..#....#..#... .....#....#..#....#..#....#..#...
.....#....'..#..@.#..'....#..#### .....#.####..#....#..#....#..##..
######.####..#....#..#....#...#.. #...........#....#..#....#...#..
#...........#....#..#....'...#.. #...........#....#..#....#...#..
##.##.#######....#'##....#..###' ####'###................##'#...
#....#................#..'... Turn 48532 on D:14: huh
###......................... ####........................
###.........[................. #.....##.####)'[####..........
##...>..#)#.........#.......... ###.......#Q#.#ß...ß#.#..........
#......(....#....).[..#.........# ##......#####.#ß...ß#.##........#
.......######...@)....#.......... #....#..##..#..!#_#...#..........
###.##......#ß#######ß#.......... ##..#..#....###########..........
#...#..##.......................# #...##.##..................#.#..#
...##..##...................##### ...##..............).....[..#####
.#####..........#'#............## Turn 49141 on D:13: how about no
....♣♣.~....~~.♣♣♣~~♣~~~~~....~♣§ ..~~♣♣......~...~~♣♣~~.~~......♣.
~~§.♣..!.~........♣♣.......~~.... §~~~♣~~.♣~....[§~~~♣~~...~~~~~~~.
~~~.♣...♣..~♣♣.~~~..~~~~.~.~~~~~~ ...~♣~...♣♣...~~~~~..~~~...~~~~~.
♣~..~~~..♣♣..~~§..~...~..~~~~...~ ~....†~~.♣♣♣....♣.~♣.....~~~.<... .♣♣†.~~~~♣
♣♣♣~~@.~♣.~...~~..♣~.. .♣♣♣.~~~.♣ ♣♣.W(.♣♣.~~..~~.~♣♣♣♣ ......~.~♣
♣..§..♣.~~.......♣♣♣♣ ..~..♣~~♣♣ ♣.§§§..~~§~~~~~.....♣ ~~...♣♣♣♣
♣##§##~~~~~~~~~.~~§.. ~~....~♣ #§_$#~~~~~~~.~~~~~.. ~~~~~§.♣
##.##~~~~....~~~~~§~ ~~~~.♣♣♣ ###~~~~~..♣♣.~~§~.. .~~~.♣♣♣♣ ♣.~~........~....
Turn 49483 on Swamp:1: web? .........#####........####.####..
................................. .#.......#######.........###.....
.#.###.....## ####...##..##..... ....##......## ######......### .............#
#...#### .......##....####### #...# .##.....<....#.....### #####
......#......#.#@....# ##..........)..#.....# ##..>...###.>.###+++###
#####...###...#ZZZZ...# ##...#...##...##ZZ.Z.## ##............#.WZ.Z..#
##....[..#..#.##$?Z?.## .<.......##.###.?#.#). ####......### ####### Turn 50087
on Snake:3: hmm #+# +@+ #+# Turn 53126 on WizLab: um #..∩..∩..∩..# #...........#
#...........# #...........# ######.########### ...................
................... ................... ...........@....... ...................
................... ................... ..........[.....M. ................$
................ ............... Turn 53486 on WizLab: yeah, how am i going to
kill these guys ############# #...........# #...........# #...........#
#..∩..∩..@..# #.......(...# #...........# #...........# ######.###########
................... ................... ................... ..............Z....
Turn 53580 on WizLab: all this spell training and I ended up bashing things
anyway #...........# #..∩..∩..∩..# #...........# #...........# #...........#
################.############# ..............................
.............................. .............@................
.............................. ..............................
.............................. ..............................
....................[......... ...Z.[.L......................
.............................. %............................. Turn 53800 on
WizLab: um ############# #...........# #...........# #...........# #..∩..∩..∩..#
#...........# #...........# #....@......# ################.#############
.............................. ..............................
.............................. ..............................
.............................. ..........L...................
.............................. Turn 53804 on WizLab: hmmmm #############
#○°.....°...# #...°°.°°...# #°°.......°.# #..∩..∩..∩°°# #.°°........#
#...°°°.....# #°...@..°.°.# ################.#############
................°............. ..................°.°.........
................°............. ..................°°..........
..................°°.......... ..........L...................
.............................. Turn 53820 on WizLab: phew
................................. ...............).................
................................. .................................
................................. .................................
................................. .....................[...........
......[.........@................ .................................
.%............................... .................)...............
................................. .................................
...........................[..... .....................)...........
................................. Turn 54683 on WizLab: i guess dragon talisman
was the high roll loot here *,,,,#...#...#..'..#..#....,#..#.
*,,,,#...#[..#..#..#..#.....#..#. *#####...##'##..#..#..#######..#.
,...............#..+............. ,..........).)..#..#.............
###########)#####..###'#######.## ...............................#.
.........................))....#ß ................@..............#.
.).......<..####+#######'#####.## ............#....................
.......)....#..................#) ####........'..................#)
⌠....)......#...############...#. .....#).....#...#.,,,,,,...#...#.
.....#......#...#.,,,,,,...'...#. ...).#...)).#...#.,,,,,,,..#...#. Turn 55230
on Elf:2: hmm .....'.......## #......#....... .....))####### ####...#.#P≈≈≈.
.......### ##### #...#.###≈≈. .........## ##...## #...#...##≈.
..........###.....## #...#..###P. .............)..)..###...#..##...
.............)......##...#..#.♣.. ............).).....##...#%.#...ß
.........o......@...##...##'#.♣.. .................).###....(.#....
..................## #......##### ...............)..# #......)....
..................#* #...######## ,.....###..........#*#...#).....# ,,...#*
##..........##...#......# ,,,,,* #..........##...#......# ,,,,,**
*#..........##...#......# Turn 56336 on Elf:2: uh huh ...*#.).......##
#......#.###≈≈.≈ ...##.....⌠..## #......#.#P≈≈≈.≈ ....'.......##
#......#........ ....))####### ####...#.#P≈≈≈.≈ ......### ##### #...#.###≈≈.≈
.......)## ##...## #...#...##≈.≈ .........###.....## #...#..###P.P
..........)))..)..###...#..##.... ..........e))...@..##...#..#.♣...
..........)).).....##...#%.#...ß. ...................##...##'#.♣...
........))))))..).###....(.#..... .........))..)...## #......######
............).)..# #......)..... .................#* #...########.
.....###..........#*#...#).....#. ,...#* ##..........##...#......#. Turn 56387
on Elf:2: oh please **,,,........'.......## #...... *,,,,........))#######
####... ,,,,,..........### ##### #... ,,,,,...........)## ##...## #...
,,,,,.............###.....## #... ,,,,,..............)))..)..###...
,...................))......##... ...................)).).....##...
................@...........##... .................))))))..).###...
..................))..)...## #... .........)...........).)..# #...
..........................## #... #.............###..........###...
*#........)..## ##..........##... #........§§§# #..........##... ##..........##
##..........##... Turn 56894 on Elf:2: random dancing weapon got 150 HP out of
me ##....## ##............. #....# #...........). ##....## ##............
##......### ###.......... #.........## ##........) #.....)....# #.........
#..........## ##........ ##..........### ###...... ##.....@.....#* ##.....
#.....(......# #..... *#............#* ##..... *#..............###......
#........................ #........................ *..(.....................
*#....................... **,,,,,***,,,..###.....# Turn 57368 on Elf:2:
XDFxdfsdfsdfsdfsf ...###........)## #.# .### #.........)# #'# .#
##########=##### ## #.).# # #...# # #...# # ###.### # ###.)").### #
###.....@...### # ###..........)..# # #................. ## ....###.....###...
.# ... ##...## .. .# . #...# . ## #...# ..... ...... Turn 59359 on Elf:3: polar
vortex 10% .)...÷..# #.# .......)## #.# ........)# #'# ########=##### #.).###
#...#.)### #...#....### ###.###[...)### ###.)").###..@.)###
###.....)...###....)# ##..........)..###...# .................###'#
...###.....###.......# .. ##...## ##......# . #...# #...⌠..# #...# #......#
#..... #.......# Turn 59400 on Elf:3: >>> #'###..=....=.# #.# ###.###.)....)..#
#.# ####..)))'..)...÷..# #.# #..)...###........)## #.# ###)##.### #.........)#
#'# '.)....# ##########=##### ###'#### ###.).### .....## ###.)#...#.)### ......#
###.@..#...#....### ......# ###).)..###.###[...)### ......#
###)|.).###.)").###....)# ......# #.(...###.....)...###.... ......#
#..)###..........)..###.. #'##'## #'###.................###
#.##.####.......###.....###...... .......##......## ##...## ##.....
..##...##..⌠...# #...# #...⌠. Turn 59468 on Elf:3: still no lcs or iron shot
##........))...# #.# #'###..=....=.# #.# ###.###.)....)..# #.# #..)))'..)...÷..#
#.# )...###........)## #.# #.### #.........)# #'# ..# ##########=##### ###
###.).### ## ###.)#.@.#.)### .# ###....#...#....### .# ###).)..###.###[...)###
.# ###)|.).###.)").###....)### .# #.(...###.....)...###....)# .#
#..)###..........)..###...# ## #'###.................###'#
####.......###.....###.......# ..##......## ##...## ##......# Turn 59496 on
Elf:3: do i even need flame wave ...# ...### ...... ###...... ......... ##......
. #.###ß.ß.# .. #.....@..# .. #...#ß.ß####.# #.......#... ###...#.#.#######
#................ #.###......######## #.................. #$###.#.#[..######
#.#.#)#.....# Turn 60267 on Depths:1: uh huh #########............
#..>'.....Z.### ####.............# #..........♣Z~~..## ########...~~~.~..#
#.##~..~~..# #.#†.†~~~~.# #..†~~~~~..# #.).@~≈~.~.# #.#..~≈~~~.# #...~)~~.~♣#
#.##~♣~..~..# #.#....~....# #.........#.# ###.........# ########### Turn 61488
on Depths:1: i'm 100% dead this game #####.# #.....# #...... ##..##.# ######
....#.# ..... ##. #..##.# ... ... #######.###.##.# ..### #.............###......
#.#####.###.#.'@'.# #.# #.#####.# #.# #.# # #.# #.# #.# #.. #.# ### #.# #####.#
#.....######## Turn 61951 on Depths:1: oh right, there's no iron shot as a
player spell in the game anymore .....#####.###### ..........#....#
.......(.#....# ... .........#....#...... ........#....#......
#.#....#....#...... #......###'##...... #.@.#.............. #.......#...##)....
#.#.....#.......... #######.......#.........) #.(...#.......#..........
#.....#.......+.......[.. . #.....#.......#.......... ...
#.....#.......#.......... ....#####'#.....(.#...####### Turn 63118 on Depths:2:
hmmmmmmmmmmmmm ###### # #....# #.#....# ..#.#.#....###### .......@.....>..
..#.###....##.### +...'.......... #.###..(..#.#. . #.........# .
..#######..#.#.#.. #. .....##......... #.###≈#.###.#.#.### #.....§.###.#.#.#
Turn 65058 on Depths:3: T E N A C ##........+ ####.......#.#####
#..........#....[# ###........####..# ##.......# #..## +.......# ##..# ##....###
#..## #....# #...## #@..## #....## ......'.### #.##..# ...Z.Z### ###.... .....#
###'#. .?.Z# #....# .ZL. #...## ... ##..# +# ##'## #...# Turn 67320 on Depths:4:
hm ##........+ ####.......#.##### #####..........#....[# +...###........####..#
#.....##.......# #..## .......+.......# ##..# .......##....### #..##
........#.|..# #...# .......@#|..## #.... #.......'.### #.##. #.......### ###..
+......## ###' #..?..# #... ##.... #... #.... ##.. #+### ##' #.. Turn 67333 on
Depths:4: no, I don't think I want your ring... ........#....#.##....###..
#.......'...##..##'###.### ####...)###.#............. ##..)# #+#......###....
###[# #......+ #. #### ♣♣♣♣∩♣♣♣♣##.....## #..# ♣..))...♣##'##...## #..#
♣...⌠†..♣#...#+#..# ###..## ♣.∩...@.♣#.......... ......####♣♣..∩..♣♣#.......####
.........# ♣♣...♣♣##.....### .....†######♣♣♣♣♣ #......+
.....†'...'##########'##.### .....##...#.)...#..........#
##...#....#.....'........### .#..##....#....##........+
.##'#.....#.####.......#.##### Turn 67625 on Depths:4: it's absurd how many
rings i haven't seen this game #.......'...##..##'###.# ####...[###.#...........
##..[# #+#......###.. ###[# #......+ #### ♣♣♣♣∩♣♣♣♣##.....## #..#
♣..[[...♣##'##...## #..# ♣...⌠†..♣#...#+#..# ####..## ♣.∩...∩.♣#..........
#......####♣♣..@..♣♣#.......#### ##.........# ♣♣...♣♣##.....###
#......†######♣♣♣♣♣ #......+ #......†'...'##########'##.###
#......##...#.)...#..........# ####...#....#.....'........###
#..#..##....#....##........+ #..##'#.....#.####.......#.#####
#.....##..#####..........#....[# Turn 67631 on Depths:4: oh, lcs #
♣..[[...♣##'##...##...... # ♣.."⌠†..♣#...#+#..###)... ## ♣.∩...∩.♣#.*........
... .####♣♣..∩..♣♣#D○.....#### .⌠ ....# ♣♣...♣♣##○....### . †######♣♣♣♣♣
#..°...+ †'...'##########'##.### ##...#.)...#..........# #....#.....'....@...###
#....#....##........+ .....#.####.......#.##### #..#####..........#....[#
#..'...###........####..# ####.....##.......# #..## #.........+.......# ##..#
..........##....### #..## #..........#.|..# #...## Turn 67696 on Depths:4: do
they really sidestep ood now? #..# #.#.#.#.#.# #..#.#.#.#..)# # #..#.#.#.#†#.#
#..#.#.#.u)#... #).#.#)u.#W#.#D.p #..#.#.#.#.#.#.#$. #..#.#)#...#.# # #
#..#.#○#.#.#.# #@.[°○°#.#.#.. #.(°°########## #†............. #..)...........
############### Turn 68503 on Vaults:5: yes, they sidestep it ...#..###..).#).[#
.....####.....#).# ###......####.#))# ##..#....# #..#.)# #...##...##...#).#
....###..#....#))# ....####......#).# ..............#).# ####......#####.@#
.###...[#..## #..# ..##...##...###).# .))#..###....##..# .....####.....#..#
###......####)#..# #..#)...###..#..# #...##...##...#..# ....###..#...)#..# Turn
70339 on Vaults:5: how do people play this shit fast?! #.......##..##.... #..#
#...........##..#. #..# ##..##.......)...#. #..# #...######...)...#. #..# #
#...)...##..##...#. #..# ##. #......)#..†##..##. #..# ....######)..#.......##.
#..# ........##).##.?......#. #..# #......@....######....# #$.# #####......:#
#..### #..# #####..:# ..[# #).# ##### .. #..# .. #..# #.p# .# #.p# ... #.p# .?..
#. Turn 71530 on Vaults:5: the one game I don't put anything into Evocations I
find all evocables ############........############# .# #...#.#..........##
#......# .# #.#.#.#..)#....#..###....#..# .#.#.#...#.#.#....#...##...##...#
.#.#.#.#.#.#.#....#....#..# #.... .#...#.#...#.#....#......####....
[#.#.#.#.#.#.#....#####......#### [..#.#.#...#.#....# ##..#....###. /# #.....#
.#..@.###...##...##.. .#.#.#.#.# #.#....##....# #.p#... .#.#.#.#.#..
#....#.....####..... ...#.#.#.#.# #....#.............. [#.#...#.#.#
#....#.####....).### .#.#.#.#...#.#....#..# #...)#..##
...#.#.#.#.#.#....#...##...##...# .#.#)#.#.#...#....#....#.)###..))
.#...#...#.#.#....#......####.... Turn 72119 on Vaults:5: do i do slime too? *,*
*,,* *,,,,,** ######.###..### ***,*,** ######.###..### *,*,,, ####........###
*,**** ####.######.### *,* ####.######+###****+**** ####.#####.....,,,,,,,,,
####....##.....,,,,,,,,, #######@##.....,,,,,,,,, #######..+.....,,,,,,,,,
##########.....,,,,,,,,, ##########.....,,,,,,,,, ##########.....,,,,,,,,,
##########.....,,,,,,,,, ##########.....,,,,,,,,, ##########.....,^,,,,,,,
*,,,,,,,,,,,,,, Turn 73861 on Zot:3: wait, no PoG in the game? ## ###...
###...... #(##.y...... #[.D@....⌠.. #?##..../... ###....z○ ###..D ## #######
+.....# Turn 73982 on Zot:4: wow what the fuuuuuuuuck ,,,,~~~~*~~≈≈..*
#........,,,,,* ,,,,~*~~~≈#≈≈≈.####........,,,,,*
,,,,~~~*~≈≈≈#≈..###........,,,,,* ,,,,,~~~~#≈≈≈y.)###...)....,,,,,*
,,,,,~*~~≈≈....)###........,,,,,, ,,**,~~~,^..........).[....,,,,,,
*,**,,,,,..................,,,,,, *,*******##...(............,,,,,, *,*
##.....@....#####.,,,,,, *,* ##..........### *,,,,,,, ,,* ##..).......###
*,,,,,,, ,,****** ##..[.......### **,,,,,, ,,,,,,,* ##.....)^...### *,,,,,,
,,,,,,,* ##..........### *,,,,,, ,,,,,,,* ##..).......### *,,,,,, ,,,,,,,*
##..........### *,,,,,, ,,,,,,,* *,********** *,,⌠,,, Turn 74831 on Zot:5: how
to deal with ghost moths ,* #...≈≈≈≈#≈≈≈≈..# ,####*** #...≈#≈≈≈≈#≈≈≈.# ,.....,*
#...≈≈≈#≈≈≈≈#≈.## ##### ,.....,* #....≈≈≈≈#≈≈≈≈..# #.... ,......*
#....≈#≈≈≈≈#≈≈≈.####.... *......###....≈§≈#≈≈§≈#≈..###....
*.............d§§≈§#≈≈≈≈.)###...) *........y...qd≈#≈≈≈≈....)###....
*###.....q..##q≈@D.^..........).[ #.......##.##ddd§...............
*#.....d.##.#########...(........ ,#.....D)##.# ##.....<....## ,#.......##.#
##..........## ,#.....D....# ##..).......## ,'....D.....****** ##..[.......##
,*,,,,,,,,,,,,,,,* ##.....)^...## ,,,,,,*,,,,,,,,,,* ##..........## Turn 75352
on Zot:5: WHAT MISCAST YOU FUCKING PIECE OF SHIT ##*** #...≈#≈≈≈≈#≈≈≈.# ...,*
#...≈≈≈#≈≈≈≈#≈.## ######## ...,* #....≈≈≈≈#≈≈≈≈..# #....... ....*
#....≈#≈≈≈≈#≈≈≈.####....... ....###....≈≈≈#≈≈≈≈#≈..###.......
............≈≈≈≈#≈≈≈≈.)###...)... ..........(.≈#≈≈≈≈....)###.......
#........##.≈≈≈.^{.........).[... ......##.##†))).@................
....d.##.#########...(........... ....D)##.# ##.....<....##### ......##.#
##..........### # ....D....# ##..).......### # ...D.....****** ##..[.......### #
,,,,,,,,,,,,,,* ##.....)^...### ,,,*,,,,,,,,,,* ##..........### ,,,*,,,,,,,,,,*
##..).......### Turn 75365 on Zot:5: EXTREMELY DURABLE GHOST MOTH SURVIVING
POLAR VORTEX AND TWO REFRIGERATIONS

Levels and vault maps discovered:
D:1:      psy_arrival_radial01, layout_basic, minivault_24
D:2:      layout_loops_corners, minmay_misc_feat_pillars, uniq_sigmund
D:3:      layout_rooms, mainiacjoe_overflow_brackets, old_standard_altar,
          hellmonk_ghost_happy_afterlife, cheibrodos_sewer_entry_bend,
          uniq_terence, uniq_natasha
D:4:      layout_rooms, fedhas_altar_4, serial_shops, shop, grunt_ministairs_9
D:5:      layout_basic, minmay_temple_entry_gardened_gates, uniq_pikel
D:6:      layout_rooms, nicolae_overflow_crystal_walls
D:7:      lemuel_ice_spiral_2, layout_rooms, nicolae_hepliaklqana_hazy_memory,
          enter_bailey_4, serial_shops, nicolae_shop_hallway_plus
D:8:      layout_basic, serial_shops, shop
D:9:      layout_rooms, lemuel_doored_altar, david_lair_shrubbed
D:10:     layout_basic, marbit_many_paths, ashenzari_altar_1,
          general_overflow_altar, ebering_ghost_inner_flame
D:11:     layout_cave_pools, serial_park, serial_park_fountain,
          serial_park_square3 [serial_park_minivault_5x5_3], serial_park_tiny_2
D:12:     layout_roguey, orc_0_dummy, roderic_lattice_a, worms_lemuel,
          uniq_maurice
D:13:     minmay_the_grid_triangle_9x9_recursive_2_mashed
          [minmay_the_grid_triangle_9x9_prize_top_heavy,
          minmay_the_grid_triangle_9x9_empty,
          minmay_the_grid_triangle_9x9_minimal,
          minmay_the_grid_triangle_9x9_stretched_checkered], layout_cave_pools,
          hellmonk_vaults_keyhole, gammafunk_ghost_fury_of_okawaru,
          minmay_guarded_unrand_brilliance
D:14:     layout_gridville
D:15:     grunt_enter_depths_hoard, layout_small_grid,
          small_statue_intersection, gammafunk_ghost_split, hive_lemuel
Temple:   cyrus_circular_temple
Lair:1:   layout_regular_city, lemuel_fruit_tree
Lair:2:   layout_cave_shapes, alex1729_snake_entry_snake
Lair:3:   layout_layer_cave, skrybe_swamp_entry_bodies
Lair:4:   layout_long_grid, minmay_slime_entry_pillars, uniq_rupert
Lair:5:   cheibrodos_lair_end_hotspot, layout_regular_city,
          kennysheep_abandoned_house, uniq_kirke
Swamp:1:  layout_basic_swamp, ebering_ghost_xom, serial_swamp_ruin,
          evilmike_swamp_ruin_rubble_2, hangedman_swamp_ruin_hall,
          swamp_pool_1_2, uniq_jorgrun
Swamp:2:  layout_falls_marsh, gammafunk_ghost_grave, hangedman_swamp_ruin_wall,
          swamp_pool_5
Swamp:3:  layout_basic_swamp, evilmike_swamp_ruin_rubble_1, swamp_pool_1_2,
          uniq_louise
Swamp:4:  nzn_swamp_witches_coven, layout_basic_swamp, swamp_pool_3,
          hangedman_swamp_pad
Snake:1:  minmay_snake_river, layout_onion, serial_shops, nicolae_shop_trees,
          minmay_shoptagon
Snake:2:  layout_chambers, serial_shops, freezing_bzr,
          nicolae_snake_salamander_stairs, serial_bayou_shore_a, uniq_aizul
Snake:3:  layout_misc_corridors, gammafunk_ghost_necromancy, uniq_agnes
Snake:4:  snake_pit_salamanders_mu, layout_layer_cave, grunt_ministairs_10
Orc:1:    layout_caves
Orc:2:    grunt_orc_cross, layout_diamond_mine, mines1_david
Elf:1:    nicolae_elf_arrival_fired_up, layout_geoelf_grid, serial_shops,
          nicolae_shop_crystal, special_room [special_room_mythical_zoo],
          grunt_ministairs_6
Elf:2:    nicolae_elf_blades_crystal_corner, layout_onion_city,
          infiniplex_enter_wizlab_glasses, dreamdust_princess_bridge,
          minivault_25_ag, uniq_donald, uniq_saint_roka
Elf:3:    minmay_elf_hall_not_hex, layout_gridlike
Vaults:1: cheibrodos_frozen_isle, vaults_standard_mumra_lines, v_pattern_2,
          dpeg_vaults_monster_box, ontoclasm_vaults_ring_square,
          nicolae_vaults_border_crossing, vaults_dpeg_doors,
          nicolae_vaults_network_quinsquares
          [nicolae_vaults_network_quincunx_subvault,
          nicolae_vaults_network_quincunx_subvault,
          nicolae_vaults_network_quincunx_subvault,
          nicolae_vaults_network_quincunx_subvault], v_rooms_4,
          layout_vaults_ring, nicolae_trove_entry_diagonal, uniq_norris,
          uniq_zenata
Vaults:2: nicolae_vaults_closet_pinwheel_3, nicolae_vaults_apartment_1,
          nooodl_orcs_dogs, nicolae_vaults_sealed_display, v_misc_26,
          nicolae_vaults_doubleplus_tesselated, nicolae_vaults_sightless_eye,
          hangedman_vaults_stagger, layout_vaults_chaotic_city, uniq_bai_suzhen
Vaults:3: nicolae_vaults_cochlea, v_rooms_6, nicolae_vaults_halls_meeting,
          v_alt_pattern_4, hangedman_vaults_nails, vaults_room_ringed_pool,
          blue_anna_dwarven_crypt, hangedman_vaults_pinch,
          grunt_vaults_hallway_long, nicolae_vaults_double_plus_2,
          layout_vaults_big_cross, serial_shops, nicolae_shop_peninsula
Vaults:4: nicolae_vaults_offset_grid_hallway_3, nicolae_vaults_circle_grid_a,
          v_misc_28, nicolae_vaults_ninety_degrees,
          nicolae_vaults_network_periphery, nicolae_vaults_tetromino_Z_1,
          nicolae_vaults_diagonal_hallway_8, nicolae_vaults_tetromino_T_1,
          layout_vaults_quadrants, uniq_jory
Vaults:5
Depths:1: layout_basic, rand_demon_pan_entry_4, hell_entry, serial_shops,
          nicolae_shop_tiny_statue_garden, kennysheep_mini, serial_bayou_pond_b,
          makhleb_altar_promises_db
Depths:2: nzn_winding_woodlands_small [nzn_winding_woodlands_5x15_longhouse,
          nzn_winding_woodlands_center_garden,
          nzn_winding_woodlands_5x15_river_crossing], layout_gridville,
          enter_ziggurat_d, serial_shops, nicolae_shop_stone,
          rand_demon_pan_entry_3, hangedman_geh_valley, nrook_mini_vaults,
          infiniplex_staircase_spiral
Depths:3: hangedman_stitches_corridor, layout_basic, abyss_entry, hell_entry,
          rand_demon_pan_entry_9, uniq_mara
Depths:4: grunt_zot_entry_gee_three, layout_honeycomb, hell_entry,
          tso_metal_star, rand_demon_pan_entry_8, minmay_shop_grove,
          uniq_josephina
Zot:1:    layout_misc_corridors, bh_zot_ikea_curve, grunt_megastairs_1
Zot:2:    layout_concentric_octagons
Zot:3:    layout_gridlike, hangedman_zot_decor_slant, uniq_parghit
Zot:4:    kennysheep_oblong_rooms, layout_twisted_circle,
          hangedman_zot_decor_checkerboard
Zot:5:    layout_basic, nicolae_lava_and_water

Skill      XL: |  1  2  3  4  5  6  7  8  9 10 11 12 13 14 15 16 17 18 19 20 21 22 23 24 25 26 |
---------------+-------------------------------------------------------------------------------+-----
Conjurations   | 1 2 3 4 6 7 8 9 11 12 13 14 | 14.0
Fighting       | 1 2 3 4 6 8 9 10 11 13 14 15 16 17 18 | 18.0
Alchemy        | 3 4 6 7 |  7.5
Air Magic      | 1 2 3 5 8 9 |  9.0
Spellcasting   | 4 6 8 10 12 13 14 15 16 17 18 | 18.0
Maces & Flails | 4 6 8 10 11 12 13 14 16 18 | 18.0
Dodging        | 2 3 5 6 7 9 |  9.4
Fire Magic     | 3 7 9 10 11 13 15 16 | 16.0
Ice Magic      | 4 9 14 16 18 19 20 21 22 | 22.0
Earth Magic    | 3 4 |  4.0
Evocations     | 8 10 | 10.8
Stealth        | |  1.4

Action                     |  1- 3 |  4- 6 |  7- 9 | 10-12 | 13-15 | 16-18 | 19-21 | 22-24 | 25-27 || total
---------------------------+-------+-------+-------+-------+-------+-------+-------+-------+-------++-------
  Melee: Whip              |    30 |   102 |   146 |   122 |       |       |       |       |       ||   400
         Headbutt          |     3 |    14 |    28 |    26 |    35 |    76 |   172 |    82 |    25 ||   461
         Quarterstaff      |    14 |       |       |       |       |       |       |       |       ||    14
         Hand axe          |       |       |       |    15 |    35 |       |       |       |       ||    50
         Dire flail        |       |       |       |       |   221 |   296 |   203 |       |       ||   720
         Eveningstar       |       |       |       |       |       |     6 |       |       |       ||     6
         Giant club        |       |       |       |       |       |       |   364 |   315 |    83 ||   762
  Throw: Dart              |     1 |     2 |     4 |    10 |     1 |       |       |       |       ||    18
   Cast: Sting             |    53 |    42 |    22 |     8 |     8 |     5 |       |       |       ||   138
         Mercury Vapours   |     6 |    19 |    18 |    23 |     4 |       |       |       |       ||    70
         Mephitic Cloud    |       |       |     1 |     1 |     1 |       |       |       |       ||     3
         Foxfire           |       |       |    18 |    56 |       |     7 |    34 |       |       ||   115
         Olgreb's Toxic Ra |       |       |    21 |    64 |   110 |    35 |   100 |       |       ||   330
         Ignite Poison     |       |       |       |    30 |    79 |    24 |    91 |       |       ||   224
         Flame Wave        |       |       |       |    22 |    15 |     5 |     2 |       |       ||    44
         Plasma Beam       |       |       |       |       |    83 |    50 |    39 |    56 |     1 ||   229
         Arcjolt           |       |       |       |       |    75 |    58 |    23 |     2 |       ||   158
         Freezing Cloud    |       |       |       |       |    13 |   189 |    76 |    42 |     6 ||   326
         Ozocubu's Refrige |       |       |       |       |       |    74 |   145 |   290 |    91 ||   600
         Blink             |       |       |       |       |       |     2 |     5 |       |       ||     7
         Apportation       |       |       |       |       |       |       |     5 |     1 |    12 ||    18
         Polar Vortex      |       |       |       |       |       |       |     1 |    14 |    22 ||    37
         Orb of Destructio |       |       |       |       |       |       |       |   160 |    76 ||   236
         Irradiate         |       |       |       |       |       |       |       |     7 |     5 ||    12
         Ignition          |       |       |       |       |       |       |       |     8 |     6 ||    14
  Evoke: Wand              |       |       |     7 |     6 |     2 |     5 |     1 |     1 |     4 ||    26
    Use: Potion            |     2 |       |     1 |     1 |     3 |     2 |     3 |     9 |    10 ||    31
         Scroll            |       |     9 |     4 |     8 |     7 |    10 |    27 |     9 |     6 ||    80
   Stab: Sleeping          |       |     4 |       |       |       |       |     1 |       |       ||     5
         Invisible         |       |       |       |       |     3 |       |       |       |       ||     3
         Distracted        |       |       |       |       |       |     2 |     8 |     3 |     1 ||    14
 Armour: Robe              |    29 |    50 |   115 |   162 |   338 |   430 |   702 |   446 |   204 ||  2476
         Skin              |       |       |       |    45 |       |       |       |       |       ||    45
  Dodge: Dodged            |    30 |    43 |    83 |   187 |   287 |   248 |   233 |   169 |    83 ||  1363
         Repelled          |       |       |       |       |       |     9 |    32 |       |       ||    41

Table legend: (Time is in decaauts)
 A = Elapsed time spent in this place.
 B = Non-inter-level travel time spent in this place.
 C = Inter-level travel time spent in this place.
 D = Time resting spent in this place.
 E = Time spent auto-exploring this place.
 F = Levels seen in this place.
 G = Mean time per level.
                   A        B        C        D        E       F      G
               +--------+--------+--------+--------+--------+-----+--------+
         Total |  77254 |  67138 |  10116 |  35378 |    336 |  52 | 1485.7 |
       Dungeon |  18916 |  15031 |   3885 |   6308 |    252 |  15 | 1261.1 |
        Temple |     23 |     13 |     10 |      0 |      0 |   1 |   23.0 |
          Lair |   5900 |   4977 |    923 |   2421 |      0 |   5 | 1180.0 |
         Swamp |   5507 |   5182 |    325 |   2964 |      0 |   4 | 1376.8 |
     Snake Pit |   9223 |   8070 |   1153 |   4808 |      0 |   4 | 2305.8 |
  Orcish Mines |   1655 |   1393 |    262 |    414 |      0 |   2 |  827.5 |
   Elven Halls |   7330 |   6907 |    423 |   4147 |      0 |   3 | 2443.3 |
        Vaults |  13313 |  11253 |   2060 |   6194 |      0 |   5 | 2662.6 |
        Depths |   7714 |   6788 |    926 |   3601 |     84 |   4 | 1928.5 |
           Zot |   4690 |   4544 |    146 |   2876 |      0 |   5 |  938.0 |
        Bazaar |     73 |     73 |      0 |      0 |      0 |   1 |   73.0 |
         Sewer |    571 |    571 |      0 |    213 |      0 |   1 |  571.0 |
        Bailey |    764 |    764 |      0 |    359 |      0 |   1 |  764.0 |
        Wizlab |   1567 |   1567 |      0 |   1071 |      0 |   1 | 1567.0 |
               +--------+--------+--------+--------+--------+-----+--------+

Top non-repeatable levels by time:
Vaults:5: 3806 daAuts
 Snake:2: 3511 daAuts
   Elf:2: 3200 daAuts
Vaults:1: 3144 daAuts
Vaults:2: 2878 daAuts
Vaults:3: 2415 daAuts
   Elf:1: 2271 daAuts
    D:12: 2182 daAuts
 Snake:4: 2178 daAuts
Depths:1: 2109 daAuts
Depths:3: 2071 daAuts
Depths:2: 1989 daAuts
 Swamp:4: 1975 daAuts
    D:13: 1949 daAuts
 Snake:1: 1919 daAuts
